 Dungeon Crawl Stone Soup version 0.30-a0-1103-g25895a7845 (webtiles) character file.

Game seed: 16992583979165754338

1574787 MackTheKnife the Intangible (level 27, 235/235 HPs)
             Began as a Merfolk Venom Mage on Apr 18, 2023.
             Was a High Priest of the Shining One.
             Escaped with the Orb
             ... and 3 runes!
             The game lasted 03:21:36 (77368 turns).

MackTheKnife the Intangible (Merfolk Venom Mage)   Turns: 77368, Time: 03:21:36

Health: 235/235    AC: 30    Str: 12 (13) XL:     27
Magic:  34/42      EV: 23    Int: 23 (24) God:    the Shining One [*****.]
Gold:   3955       SH: 11    Dex: 22 (24) Spells: 31/50 levels left

rFire   + + +      SeeInvis +    b - +9 eudemon blade (holy) {long}
rCold   + + +      Faith    .    L - +0 buckler {AC+3}
rNeg    + + +      Spirit   .    x - +10 pearl dragon scales {rare=g}
rPois   .          Reflect  +    (helmet restricted)
rElec   +          Rampage  .    N - +1 cloak
rCorr   +                        f - +1 pair of gloves of the Trombone {Slay+3 SInv}
Will    ++...                    M - +0 pair of boots
Stlth   +                        P - amulet of Qaettew {Reflect rC++ Str+4 SH+5}
HPRegen 0.59/turn                U - ring "Riad" {*Slow rElec rF+++ rCorr Int+3}
MPRegen 0.28/turn                z - ring "Feppeckyu" {rC+ rN+ rCorr Dex+3 Slay+3}

@: glowing
A: (nimble swimmer 2), mertail, antennae 1, clever 1, cold resistance 2,
deterioration 2, high MP 1, weak 1
0: Orb of Zot
}: 3/15 runes: serpentine, barnacled, silver
a: Renounce Religion, Divine Shield, Cleansing Flame, Summon Divine Warrior


You escaped.
You worshipped the Shining One.
The Shining One was extremely pleased with you.
You visited 11 branches of the dungeon, and saw 51 of its levels.
You also visited: Sewer, Bailey, Ice Cave, Volcano and Wizlab.

You collected 8796 gold pieces.
You spent 4841 gold pieces at shops.


Innate Abilities, Weirdness & Mutations

((You are very nimble when in or above water. (Stealth+, EV+, Speed+++)))
Your lower body shifts to a powerful aquatic tail in water.
You have a pair of small antennae on your head.
Your mind is acute. (Int +4, Str/Dex -1)
Your flesh is very cold resistant. (rC++)
Your body often deteriorates upon taking damage.
You have an increased reservoir of magic. (+10% MP)
You are weak. (Str -2)


   Skills:
 - Level 23.1 Fighting
 - Level 16.0(16.8) Short Blades
 - Level 8.7(13.4) Long Blades
 - Level 16.0 Polearms
 - Level 5.0 Armour
 O Level 27 Dodging
 - Level 20.4 Stealth
 - Level 5.0 Shields
 - Level 12.0 Spellcasting
 - Level 6.5 Conjurations
 - Level 5.9 Hexes
 - Level 11.1 Transmutations
 - Level 7.6 Poison Magic
 + Level 22.7 Invocations
 - Level 10.0 Evocations


You had 31 spell levels left.
You knew the following spells:

 Your Spells              Type           Power      Damage    Failure   Level
a - Irradiate             Conj/Tmut      26%        3d20      28%         5
b - Poisonous Vapours     Pois/Air       62%        N/A       12%         2
c - Olgreb's Toxic Radia  Pois           48%        N/A       16%         4
d - Mephitic Cloud        Conj/Pois/Air  35%        N/A       16%         3
e - Yara's Violent Unrav  Hex/Tmut       26%        3d11      30%         5

Your spell library contained the following spells:

 Spells                   Type           Power      Damage    Failure   Level
 Sting                    Tmut/Pois      100%       1d8       1%          1
 Magic Dart               Conj           100%       1d8       2%          1
 Spider Form              Tmut/Pois      54%        N/A       2%          3
 Slow                     Hex            100%       N/A       3%          1
 Passwall                 Tmut/Erth      32%        N/A       6%          2
 Dazzling Flash           Conj/Hex       84%        N/A       9%          3
 Foxfire                  Conj/Fire      100%       2x1d9     10%         1
 Tukima's Dance           Hex            40%        N/A       10%         3
 Blade Hands              Tmut           30%        N/A       11%         5
 Static Discharge         Conj/Air       56%        2-5/arc   14%         2
 Ensorcelled Hibernation  Hex/Ice        54%        N/A       17%         2
 Cigotuvi's Dreadful Rot  Necr/Pois/Air  50%        N/A       21%         2
 Hailstorm                Conj/Ice       28%        3d8       28%         3
 Fulminant Prism          Conj/Hex       21%        3d12      28%         4
 Inner Flame              Hex/Fire       27%        N/A       32%         3
 Portal Projectile        Hex/Tloc       54%        N/A       32%         3
 Cause Fear               Hex            20%        N/A       32%         4
 Freeze                   Ice            52%        1d6       36%         1
 Ice Form                 Ice/Tmut       39%        N/A       36%         4
 Petrify                  Tmut/Erth      39%        N/A       36%         4
 Blink                    Tloc           26%        N/A       50%         2
 Call Imp                 Summ           26%        N/A       50%         2
 Lesser Beckoning         Tloc           26%        N/A       50%         2
 Scorch                   Fire           26%        2d6       50%         2
 Flame Wave               Conj/Fire      28%        2d9       67%         4
 Frozen Ramparts          Ice            26%        1d4       73%         3
 Gell's Gravitas          Tloc           13%        N/A       73%         3
 Ozocubu's Armour         Ice            13%        N/A       73%         3
 Swiftness                Air            13%        N/A       73%         3
 Teleport Other           Tloc           13%        N/A       73%         3
 Anguish                  Hex/Necr       13%        N/A       73%         4
 Leda's Liquefaction      Hex/Erth       13%        N/A       73%         4
 Fireball                 Conj/Fire      14%        3d8       95%         5
 Metabolic Englaciation   Hex/Ice        13%        N/A       97%         5
 Silence                  Hex/Air        13%        N/A       97%         5
 Summon Mana Viper        Hex/Summ       27%        N/A       97%         5
 Dragon Form              Tmut           30%        N/A       97%         7
 Airstrike                Air            6%         2d(1-17)  98%         4
 Dispel Undead            Necr           13%        3d9       98%         4
 Manifold Assault         Tloc           13%        N/A       98%         4
 Passage of Golubria      Tloc           13%        N/A       98%         4
 Summon Lightning Spire   Summ/Air       13%        N/A       98%         4
 Statue Form              Tmut/Erth      26%        N/A       99%         6
 Summon Forest            Summ/Tloc      6%         N/A       100%        5
 Death Channel            Necr           6%         N/A       100%        6
 Dispersal                Tloc           6%         N/A       100%        6
 Plasma Beam              Fire/Air       6%         2x1d18    100%        6
 Simulacrum               Ice/Necr       6%         N/A       100%        6
 Starburst                Conj/Fire      14%        6d6       100%        6
 Summon Cactus Giant      Summ           6%         N/A       100%        6
 Enfeeble                 Hex            20%        N/A       100%        7
 Malign Gateway           Summ/Tloc      6%         N/A       100%        7
 Monstrous Menagerie      Summ           6%         N/A       100%        7
 Ozocubu's Refrigeration  Ice            6%         4d8       100%        7
 Storm Form               Tmut/Air       19%        N/A       100%        7
 Borgnjor's Revivificati  Necr           6%         N/A       100%        8
 Discord                  Hex            20%        N/A       100%        8
 Disjunction              Tloc           6%         N/A       100%        8
 Lehudib's Crystal Spear  Conj/Erth      14%        10d5      100%        8
 Necromutation            Tmut/Necr      19%        N/A       100%        8
 Summon Horrible Things   Summ           6%         N/A       100%        8
 Death's Door             Necr           6%         N/A       100%        9
 Dragon's Call            Summ           6%         N/A       100%        9
 Polar Vortex             Ice            6%         N/A       100%        9

Inventory:

Hand Weapons
 a - the +9 rapier of the Hugging Stoat {freeze, rF+ Will+ Str-5 SInv, short}
   (You bought it in a shop on level 2 of the Orcish Mines)

   Str:       It affects your strength (-5).
   rF:        It protects you from fire.
   SInv:      It lets you see invisible.
   Will:      It increases your willpower.
 b - a +9 eudemon blade of holy wrath (weapon) {long} (the Shining One gifted it to you on level 3 of the Crypt)
Armour
 f - the +1 pair of gloves of the Trombone (worn) {Slay+3 SInv}
   (You found it on level 3 of the Elven Halls)

   Slay:      It affects your accuracy & damage with ranged weapons and melee
   (+3).
   SInv:      It lets you see invisible.
 n - the +1 robe of Vines {NoPotionHeal Regen++++}
   (You found it on level 13 of the Dungeon)

   NoPotionHeal: Its wearer cannot be healed by potions.
   Regen:     It increases your rate of health regeneration.
 o - a +1 helmet
   (You found it on level 2 of the Dungeon)
 x - +10 pearl dragon scales (worn) {rare=g}
   (You bought it in a shop on level 2 of the Elven Halls)
 C - quicksilver dragon scales {rare}
   (You found it on level 5 of the Vaults)
 L - a +0 buckler of protection (worn)
   (You found it on level 8 of the Dungeon)
 M - a +0 pair of boots (worn)
   (You bought it in a shop on level 2 of the Orcish Mines)
 N - a +1 cloak (worn)
   (You found it on level 13 of the Dungeon)
Jewellery
 z - the ring "Feppeckyu" (right hand) {rC+ rN+ rCorr Dex+3 Slay+3}
   (You bought it in a shop on level 2 of the Orcish Mines)

   [ring of resist corrosion]

   Dex:       It affects your dexterity (+3).
   Slay:      It affects your accuracy & damage with ranged weapons and melee
   (+3).
   rC:        It protects you from cold.
   rN:        It protects you from negative energy.
   rCorr:     It protects you from acid and corrosion.
 J - the ring of Soti {rPois rF+++ MP+9 Int-2}
   (You found it on level 3 of the Crypt)

   [ring of poison resistance]

   Int:       It affects your intelligence (-2).
   rF:        It renders you almost immune to fire.
   rPois:     It protects you from poison.
   MP:        It affects your magic capacity (+9).
 P - the amulet of Qaettew (around neck) {Reflect rC++ Str+4 SH+5}
   (You took it off a deep elf archer on level 3 of the Elven Halls)

   [amulet of reflection]

   It reflects blocked missile attacks.
   Str:       It affects your strength (+4).
   rC:        It greatly protects you from cold.
   SH:        It affects your SH (+5).
 R - the ring "Lijam" {rF+ rC+ Will+}
   (You took it off a deep elf zephyrmancer on level 3 of the Elven Halls)

   [ring of willpower]

   rF:        It protects you from fire.
   rC:        It protects you from cold.
   Will:      It increases your willpower.
 U - the ring "Riad" (left hand) {*Slow rElec rF+++ rCorr Int+3}
   (You found it on level 3 of the Crypt)

   [ring of resist corrosion]

   Int:       It affects your intelligence (+3).
   rF:        It renders you almost immune to fire.
   rElec:     It insulates you from electricity.
   rCorr:     It protects you from acid and corrosion.
   *Slow:     It may slow you when you take damage.
Wands
 F - a wand of digging (10)
   (You found it on level 6 of the Dungeon)
 O - a wand of paralysis (28)
   (You found it on level 8 of the Dungeon)
 Q - a wand of mindburst (51)
   (You found it on level 4 of the Lair of Beasts)
 S - a wand of polymorph (36)
   (You found it on level 5 of the Lair of Beasts)
 X - a wand of light (1)
   (You found it on level 3 of the Shoals)
 Y - a wand of roots (21)
   (You found it on level 4 of the Shoals)
Scrolls
 g - 4 scrolls of blinking {!r}
 k - 6 scrolls of immolation {!r!r}
 l - 7 scrolls of poison {!r}
 r - a scroll of summoning
 t - 8 scrolls of silence {!r}
 y - 12 scrolls of teleportation {@r4}
 H - 12 scrolls of identify {@r1}
 K - 10 scrolls of fear
 V - 2 scrolls of fog
 W - a scroll of enchant armour
Potions
 c - 20 potions of curing {@q1}
 d - 5 potions of resistance
 e - 9 potions of magic
 h - 3 potions of berserk rage {!q}
 i - 11 potions of flight
 j - a potion of haste {@q3}
 p - a potion of invisibility
 q - 11 potions of lignification {!q}
 s - 12 potions of heal wounds {@q2}
 u - 4 potions of cancellation
 v - 5 potions of mutation {!q}
 A - 4 potions of might
 I - 6 potions of brilliance
Miscellaneous
 B - a box of beasts
   (You found it on level 3 of the Lair of Beasts)
 D - a lightning rod (4/4)
   (You found it on level 12 of the Dungeon)
 E - a tin of tremorstones (2/2) {throwing}
   (You found it on level 14 of the Dungeon)
 G - a phantom mirror (inert)
   (You found it on level 12 of the Dungeon)
 T - a phial of floods
   (You found it in an ice cave)
 Z - a piece from Xom's chessboard (15/15)
   (You found it on level 12 of the Dungeon)

Dungeon Overview and Level Annotations

Branches:
Dungeon (15/15)            Temple (1/1) D:7            Lair (5/5) D:9
 Shoals (4/4) Lair:3        Snake (4/4) Lair:2        Slime (0/5) Lair:4
    Orc (2/2) D:12            Elf (3/3) Orc:2        Vaults (5/5) D:14
  Crypt (3/3) Vaults:3       Tomb (0/3) Crypt:3      Depths (4/4) D:15
    Zot (5/5) Depths:4      Sewer (visited)          Bailey (visited)
  IceCv (visited)         Volcano (visited)          WizLab (visited)

Altars:
Ashenzari
Cheibriados
Dithmenos
Elyvilon
Fedhas
Gozag
Kikubaaqudgha
Makhleb
Nemelex Xobeh
Okawaru
Qazlal
Ru
Sif Muna
Trog
Uskayaw
Vehumet
Xom
Yredelemnul
Zin
The Shining One
Lugonu

Shops:
D:14 *   D:15 *   Orc:2 =*[(   Elf:1 =   Elf:2 [   Elf:3 *!   Snake:2 *
Vaults:1 :   Vaults:3 :   Vaults:5 [   Depths:1 =:=

Portals:
Hell: Depths:1 Depths:2 Depths:3 Depths:4
Abyss: Depths:1 Depths:2 Depths:3
Pandemonium: Depths:2 Depths:4
Ziggurat: Depths:2

Annotations:
D:5 exclusion: downstairs
D:12 1 runed translucent door
D:15 Roxanne
Shoals:4 exclusion: door
Snake:4 Vashnia
Elf:2 3 runed translucent doors
Crypt:3 exclusion: door
Depths:2 2 runed translucent doors, exclusions: ancient lich, obsidian statue and 3 more exclusions
Zot:5 exclusion: 2 upstairs

...##..#†...#.....#####.#.##.#
##.##.#.#####....).## #.#.##.#
...#.[.....####.....###......#
####..#.##.# #.......####.####
#)..2##.# #............#
#....#..#######...######
####..###'##≈≈≈≈≈#####
..##..###8........##
#.....'........2@..#
#.....###8....A...##
........#'##≈≈≈≈≈##
#.........######## .......####
##...### #.### #.# #.#


You could see a reaper (distracted, ally target) and a friendly angel
(summoned).


Message History

😕 HP[+23]
You regained 23 hp, and now have 223/235 hp.
No target in view!
No target in view!
A demonspawn warmonger comes into view. It is wielding a +1 vampiric glaive.
The demonspawn warmonger shouts!
You block the demonspawn warmonger's attack.
There is an open door here. 😕 HP[+1]
The demonspawn warmonger barely misses you.
The demonspawn warmonger misses you. 😕 HP[+1]
The demonspawn warmonger hits you from afar with a +1 vampiric glaive. 😕 HP[-3]
You take 3 damage, and now have 222/235 hp.
You block the demonspawn warmonger's attack.
There is a stone staircase leading up here. 😕 HP[+1]
The demonspawn warmonger hits you from afar with a +1 vampiric glaive!
You climb upwards.
There is a stone staircase leading down here. 😕 HP[-13]
You take 13 damage, and now have 210/235 hp.
(D) Dungeon (T) Temple (L) Lair (A) Shoals (P) Snake Pit (M) Slime Pits (O) Orcish Mines (E) Elven Halls (V) Vaults (C) Crypt (W) Tomb (U) Depths (H) Hell (Z) Zot
Where to? (Enter - D:1, ? - help)
What level of the Dungeon? (default 1, ? - help)
There is a stone staircase leading up here.
You climb upwards.
There is a stone staircase leading down here.
A cherub comes into view.
It is wielding a +2 scimitar of flaming. 😕 HP[+14]
You regained 14 hp, and now have 224/235 hp.
The cherub unwields a +2 scimitar of flaming.
It stops flaming.
The cherub wields a +0 longbow.
The cherub shoots an arrow.
You block the arrow with an invisible shield... and reflect it back!
The arrow hits the cherub!! 😕 HP[+1]
You see here a +0 spear {polearm}.
The cherub unwields a +0 longbow.
The cherub wields a +2 scimitar of flaming.
It bursts into flame!
You block the cherub's attack. x2
You see here a +0 flail {mace}. 😕 HP[+1]
You miss the cherub. The cherub hits you but does no damage.
You block the cherub's attack.
You slice the cherub!! 😕 HP[+1]
You chop the cherub into pieces!!! The cherub barely misses you.
The cherub bites you but does no damage.
You hit the cherub.
You kill the cherub! 😕 HP[+1] No target in view!
(D) Dungeon (T) Temple (L) Lair (A) Shoals (P) Snake Pit (M) Slime Pits (O) Orcish Mines (E) Elven Halls (V) Vaults (C) Crypt (W) Tomb (U) Depths (H) Hell (Z) Zot
Where to? (Enter - D:1, ? - help)
Things that are here:
a +2 scimitar of flaming {long}; a +0 longbow {bow}; a +0 robe
There is a stone staircase leading up here.
You climb upwards.
Level annotation: exclusion: downstairs
There is a stone staircase leading down here.
There is a stone staircase leading up here.
You climb upwards.
There is a stone staircase leading down here.
There is a stone staircase leading up here.
You climb upwards.
There is a stone staircase leading down here.
You see here a +0 club {mace}.
There is a stone staircase leading up here.
You climb upwards.
There is a stone staircase leading down here.
There is a stone staircase leading up here.
You climb upwards.
There is a stone staircase leading down here. 😎 HP[+7]
Your hp is fully restored (235).
A reaper comes into view. It is wielding a +1 scythe of venom.
The reaper moves out of view.
There is an open door here.
Okay, then.
There is a staircase leading out of the dungeon here.
You block the reaper's attack.
There is a staircase leading out of the dungeon here.
You are momentarily dazzled by a brilliant light.
You block the reaper's attack. 😎 MP[-8]
You lost 8 mp, and now have 34/42 mp.
Unknown command.
Your angel hits the reaper with a +2 whip of holy wrath!
The reaper convulses!
Your angel hits the reaper with a +2 whip of holy wrath!
The reaper convulses.
The reaper hits your angel with a +1 scythe of venom!!
You have escaped!

Skill      XL: |  1  2  3  4  5  6  7  8  9 10 11 12 13 14 15 16 17 18 19 20 21 22 23 24 25 26 27 |
---------------+----------------------------------------------------------------------------------+-----
Poison Magic   | 4 5 6 7 |  7.6
Spellcasting   | 3 4 6 8 10 12 | 12.0
Fighting       | 4 5 6 8 10 11 12 13 14 16 17 18 20 23 | 23.1
Dodging        | 6 7 8 13 14 15 18 19 20 21 22 23 25 27 | 27.0
Polearms       | 15 16 | 16.0
Invocations    | 7 12 14 16 18 20 22 | 22.7
Armour         | 4 5 |  5.0
Stealth        | 8 10 19 20 | 20.4
Evocations     | 8 10 | 10.0
Short Blades   | 10 16 | 16.0
Shields        | 5 |  5.0
Transmutations | 8 10 11 | 11.1
Conjurations   | 5 6 |  6.5
Hexes          | 5 |  5.9
Long Blades    | 8 |  8.7

Action                     |  1- 3 |  4- 6 |  7- 9 | 10-12 | 13-15 | 16-18 | 19-21 | 22-24 | 25-27 || total
---------------------------+-------+-------+-------+-------+-------+-------+-------+-------+-------++-------
  Melee: Quarterstaff      |    16 |       |       |       |       |       |       |       |       ||    16
         Short sword       |    54 |    73 |   135 |       |       |       |       |       |       ||   262
         Punch             |     1 |     1 |     1 |       |       |       |       |       |       ||     3
         Tailslap          |       |     4 |     4 |       |     1 |    25 |    98 |       |     2 ||   134
         Halberd           |       |       |    14 |   413 |   696 |  1074 |       |       |       ||  2197
         Rapier            |       |       |       |       |       |   439 |  2035 |  1945 |  1447 ||  5866
         Eudemon blade     |       |       |       |       |       |       |       |       |   394 ||   394
   Cast: Sting             |    51 |   131 |    67 |     1 |       |       |       |       |       ||   250
         Poisonous Vapours |       |    13 |    29 |     9 |       |       |       |       |       ||    51
         Olgreb's Toxic Ra |       |       |    11 |    52 |    52 |    91 |    47 |    27 |     3 ||   283
         Mephitic Cloud    |       |       |       |    14 |    18 |    24 |    10 |    10 |       ||    76
         Irradiate         |       |       |       |       |       |       |     2 |    80 |    28 ||   110
         Yara's Violent Un |       |       |       |       |       |       |       |    20 |     6 ||    26
 Invoke: Purification      |       |       |       |     1 |     1 |     2 |       |       |       ||     4
         Heal Self         |       |       |       |     1 |       |     1 |       |     1 |       ||     3
         Heal Other        |       |       |       |       |    27 |    55 |    33 |    54 |       ||   169
         Cleansing Flame   |       |       |       |       |       |       |       |       |    50 ||    50
         Summon Divine War |       |       |       |       |       |       |       |       |    18 ||    18
         Divine Shield     |       |       |       |       |       |       |       |       |     2 ||     2
         Brand Weapon With |       |       |       |       |       |       |       |       |     1 ||     1
  Evoke: Wand              |       |     1 |    13 |     7 |    13 |     8 |    12 |     7 |    21 ||    82
         Box of beasts     |       |       |       |       |     1 |     2 |     2 |     2 |     1 ||     8
         Lightning rod     |       |       |       |       |       |    10 |     2 |     4 |       ||    16
         Tin of tremorston |       |       |       |       |       |     4 |     4 |     4 |     2 ||    14
         Phial of floods   |       |       |       |       |       |     3 |       |       |       ||     3
         Phantom mirror    |       |       |       |       |       |     1 |       |       |     1 ||     2
    Use: Scroll            |       |       |     7 |     6 |    15 |     8 |     9 |     7 |    23 ||    75
         Potion            |       |       |     1 |     1 |     4 |     1 |     1 |    11 |    28 ||    47
   Stab: Sleeping          |       |     2 |     1 |     7 |    10 |    24 |    38 |    22 |       ||   104
         Invisible         |       |       |     4 |     3 |       |       |     4 |     9 |       ||    20
         Distracted        |       |       |       |     2 |     7 |    12 |     3 |    14 |     2 ||    40
         Confused          |       |       |       |    11 |    27 |    13 |     9 |     6 |       ||    66
         Paralysed         |       |       |       |       |       |       |     2 |       |       ||     2
 Armour: Robe              |    26 |    23 |    28 |     3 |       |       |       |    67 |    28 ||   175
         Steam dragon scal |       |       |       |    23 |    43 |    47 |       |       |       ||   113
         Leather armour    |       |       |       |     4 |       |    72 |    99 |    81 |       ||   256
         Quicksilver drago |       |       |       |       |       |       |       |       |   213 ||   213
         Pearl dragon scal |       |       |       |       |       |       |       |       |    20 ||    20
  Dodge: Dodged            |    81 |   144 |   193 |   293 |   517 |  1163 |  1174 |  1343 |  1239 ||  6147
  Block: Buckler           |       |       |       |       |       |   101 |   716 |   631 |   715 ||  2163
         Reflection        |       |       |       |       |       |       |    42 |    10 |     6 ||    58

Levels and vault maps discovered:
D:1:      wander_arrival_chamber, layout_loops_cross,
          ebering_ecumenical_altar_rust, minmay_three_crescents
D:2:      layout_loops_corners
D:3:      layout_basic, hangedman_decor_growths
D:4:      layout_rooms
D:5:      layout_rooms, mainiacjoe_overflow_alcove_4, demons_altar,
          nicolae_hepliaklqana_hippocampus, gup_sewer_entry_bubbles,
          serial_aquarium, aquarium_bridge_square [aquarium_subvault_wall,
          aquarium_subvault_window, aquarium_subvault_bridge,
          aquarium_subvault_bridge], aquarium_window_fake,
          aquarium_window_corridor_2, aquarium_window_2, aquarium_view_2e,
          aquarium_pool_S, minmay_holes
D:6:      layout_rooms
D:7:      layout_basic, minmay_temple_entry_gardened_gates, enter_bailey_3,
          corexii_mini_fake_secret_closet, hellmonk_guarded_unrand_gong
D:8:      wander_kiku_kobolds, layout_basic, serial_ice, serial_ice_m,
          serial_ice_o, serial_ice_e, serial_ice_d,
          minmay_fractal_squares_diagonal_5
D:9:      layout_rooms, nicolae_yredelemnul_corpse_copse, dpeg_lair_monsters,
          uniq_joseph
D:10:     layout_rooms
D:11:     minmay_bubble_buster, layout_loops_ring, portal_ice_cave_entry_imps
D:12:     minmay_the_grid_triangle_9x9_recursive_3
          [minmay_the_grid_triangle_9x9_stretched_checkered,
          minmay_the_grid_triangle_9x9_corrupted_corridor,
          minmay_the_grid_triangle_9x9_fully_insulated_deathbox,
          minmay_the_grid_triangle_9x9_prize_schism,
          minmay_the_grid_triangle_9x9_checkered,
          minmay_the_grid_triangle_9x9_zippers_vertical,
          minmay_the_grid_triangle_9x9_warning,
          minmay_the_grid_triangle_9x9_dagger,
          minmay_the_grid_triangle_9x9_limited_checkers], layout_rooms,
          kennysheep_orc_monster_closet_entryway, trog_ov_bears_minmay
D:13:     layout_layer_cave, hellmonk_guarded_unrand_vines
D:14:     layout_roguey, ximxim_vaults_locker_room, serial_bayou_pond_d,
          eino_tiny_chamber, nicolae_shop_clearance, uniq_kirke, uniq_jorgrun
D:15:     gammafunk_enter_depths_forms, layout_layer_cave, serial_shops, shop,
          solitary_fountain, uniq_roxanne, uniq_azrael, uniq_agnes
Temple:   regret_index_temple_chain_breaker
Lair:1:   layout_cave_pods, lemuel_fruit_tree, lemuel_fruit_fields,
          uniq_gastronok, uniq_fannar
Lair:2:   layout_big_grid, nicolae_snake_entry_warm_welcome,
          minmay_lair_oklob_items
Lair:3:   layout_chaotic_city, nicolae_shoals_entry_roost,
          nicolae_volcano_entry_vermiform
Lair:4:   layout_big_grid, minmay_slime_entry_pillars, serial_bayou_shore_b,
          grunt_megastairs_5, infiniplex_staircase_pool
Lair:5:   gammafunk_lair_ancient_temple, layout_small_grid, evilmike_ambush
          [evilmike_ambush_outer_doors, evilmike_ambush_inner_wall_1],
          lemuel_fruit_fields
Shoals:1: layout_shoals
Shoals:2: layout_shoals
Shoals:3: layout_shoals, nicolae_shoals_goliath_grotto
Shoals:4: shoals_end_simple, layout_shoals, uniq_donald
Snake:1:  layout_basic
Snake:2:  layout_onion_interference, nicolae_shop_gadgets
Snake:3:  layout_grid_shapes, nicolae_snake_salamander_zone
Snake:4:  grunt_snake_rune_pools, layout_cave_pods, drop_trap, st_stairs_2,
          serial_bayou_lagoon_b, uniq_vashnia, uniq_bai_suzhen, uniq_mara
Orc:1:    layout_caves, basic_altar, mines2_david, uniq_nergalle
Orc:2:    st_orc_congregation, layout_caves
Elf:1:    layout_loops_corners, serial_shops, shop,
          hangedman_elven_crosses_minicolossus, drop_trap, lemuel_upstairs_altar
Elf:2:    nicolae_elf_blades_crystal_corner, layout_loops_corners, serial_shops,
          shop
Elf:3:    minmay_elf_hall_quartered_circle, layout_geoelf_grid, serial_shops,
          nicolae_shop_stone, shop, hex_tiny, hangedman_feature_mirror,
          lemuel_flame_loot_1
Vaults:1: ontoclasm_vaults_bender, nicolae_vaults_big_ls, v_misc_15, v_misc_12,
          vaults_mumra_chevron_long, ontoclasm_vaults_eye,
          nicolae_vaults_asterisk, nicolae_vaults_fighting_squares,
          hangedman_vaults_nodes, v_rooms_4, nicolae_vaults_little_squares_1,
          vaults_room_door_ring, nicolae_vaults_specimen_jars,
          vaults_room_corners, nicolae_vaults_circle_grid_b,
          layout_vaults_omnibox, serial_shops, shop
Vaults:2: hangedman_vaults_stretched_pinwheel, nicolae_vaults_theta,
          v_alt_pattern_5, vaults_mumra_minichess,
          nicolae_vaults_little_squares_4, layout_vaults_omnigrid, uniq_mennas
Vaults:3: ontoclasm_vaults_fault, nicolae_vaults_network_s, grunt_vaults_focal,
          minmay_crypt_entry_simple_round, v_misc_33,
          nicolae_vaults_mini_display_case, dpeg_vaults_pockets_of_resistance,
          grunt_vaults_swirl, vaults_standard_mumra_lines,
          ontoclasm_vaults_claustrophobia, v_misc_8, ontoclasm_vaults_hangar,
          nicolae_vaults_rhombus_5, vaults_room_corners, vaults_room_pools,
          layout_vaults_omnicross, serial_shops, shop
Vaults:4: v_rooms_2, hangedman_vaults_corner_blocks, vaults_room_door_hall,
          grunt_vaults_bifocal, nicolae_vaults_meeting, v_misc_17,
          nicolae_vaults_theta, ontoclasm_vaults_gateway,
          nicolae_vaults_asterisk, vaults_dpeg_diagonal,
          nicolae_vaults_little_squares_3, vaults_mumra_hexcomb,
          nicolae_vaults_yaktaur_gun_rack, layout_vaults_maze_snakey
Vaults:5
Crypt:1:  cheibrodos_crypt_draghalla, layout_basic, uniq_boris, uniq_sojobo
Crypt:2:  layout_gridlike, mu_enter_wizlab_4
Crypt:3:  due_elkab, layout_chaotic_city, eino_tiny_chamber
Depths:1: layout_gridlike, abyss_entry_flame_altar, hell_entry,
          nicolae_ru_awakened_eye, nicolae_dithmenos_through_a_glass_darkly,
          minmay_shop_grove, grunt_megastairs_2, firewood_loft
Depths:2: minmay_expanding_circles, layout_gridlike, enter_ziggurat_d,
          minmay_misc_feat_tiny, grunt_hell_entry_demonic_statue, pan_entry,
          abyss_entry, infiniplex_staircase_pillars_1
Depths:3: lightli_eight_chambers, layout_gridville, hell_entry,
          abyss_entry_crystal, serial_bayou_crossing
Depths:4: grunt_twist_and_shout, layout_cave_pools, rand_demon_pan_entry_8,
          hell_entry
Zot:1:    layout_onion, zot_minivault_4
Zot:2:    layout_basic, uniq_vv
Zot:3:    hellmonk_paralyzer, layout_gridlike, gammafunk_ghost_ooze
Zot:4:    layout_gridlike
Zot:5:    layout_misc_corridors

Notes
Turn   | Place    | Note
-------+----------+-------------------------------------------
     0 | D:1      | MackTheKnife the Merfolk Venom Mage began the quest for the
                  | Orb.
     0 | D:1      | Reached XP level 1. HP: 13/13 MP: 3/3
     0 | D:1      | magus.rc [v1.9.6]
    63 | D:1      | Reached XP level 2. HP: 18/19 MP: 3/5
   332 | D:1      | Found a faded altar of an unknown god.
   358 | D:1      | Prayed at the altar of an unknown god.
   358 | D:1      | Became a worshipper of Elyvilon the Healer
   358 | D:1      | Reached * piety under Elyvilon
   668 | D:1      | Reached skill level 4 in Poison Magic
   668 | D:1      | Reached XP level 3. HP: 24/24 MP: 3/6
   990 | D:2      | Learned a level 2 spell: Poisonous Vapours
  1021 | D:2      | Reached ** piety under Elyvilon
  1475 | D:2      | Reached skill level 3 in Spellcasting
  1475 | D:2      | Reached XP level 4. HP: 21/30 MP: 3/8
  2530 | D:3      | Reached *** piety under Elyvilon
  2867 | D:3      | Learned a level 4 spell: Olgreb's Toxic Radiance
  2940 | D:3      | Reached XP level 5. HP: 35/35 MP: 5/10
  3395 | D:4      | Reached skill level 5 in Poison Magic
  3607 | D:4      | Reached skill level 4 in Spellcasting
  4120 | D:4      | Reached XP level 6. HP: 35/41 MP: 1/12
  4365 | D:5      | Entered Level 5 of the Dungeon
  4469 | D:5      | Reached **** piety under Elyvilon
  4474 | D:5      | Found a shimmering altar of Xom.
  4585 | D:5      | Reached skill level 6 in Poison Magic
  4729 | D:5      | Found a glowing drain.
  4738 | Sewer    | Entered a sewer
  5036 | Sewer    | Reached XP level 7. HP: 46/46 MP: 10/14
  5278 | Sewer    | Reached skill level 5 in Spellcasting
  5551 | D:5      | Found a burning altar of Makhleb.
  5680 | D:6      | Noticed a wyvern
  5685 | D:6      | Killed a wyvern
  5686 | D:6      | Reached skill level 7 in Poison Magic
  5699 | D:6      | HP: 9/46 [orc/+0 trident (8)]
  5947 | D:6      | Reached skill level 6 in Spellcasting
  6076 | D:6      | Reached XP level 8. HP: 35/52 MP: 17/17
  6226 | D:6      | Reached skill level 1 in Fighting
  6226 | D:6      | Reached skill level 3 in Dodging
  6331 | D:6      | Reached skill level 2 in Fighting
  6331 | D:6      | Reached skill level 4 in Dodging
  6683 | D:7      | Reached ***** piety under Elyvilon
  6797 | D:7      | Reached skill level 3 in Fighting
  6797 | D:7      | Reached skill level 5 in Dodging
  7020 | D:7      | Found a staircase to the Ecumenical Temple.
  7089 | D:7      | Reached skill level 4 in Fighting
  7093 | D:7      | Reached skill level 6 in Dodging
  7093 | D:7      | Reached XP level 9. HP: 57/66 MP: 10/18
  7133 | D:7      | Noticed a vault sentinel
  7133 | D:7      | Noticed a vault sentinel
  7266 | D:7      | Reached skill level 5 in Fighting
  7277 | D:7      | Reached skill level 7 in Dodging
  7447 | D:7      | Found a flagged portal.
  7452 | Bailey   | Entered a bailey
  7619 | Bailey   | Reached skill level 1 in Polearms
  7770 | Bailey   | Noticed an orc knight
  7776 | Bailey   | Reached skill level 2 in Polearms
  7776 | Bailey   | Killed an orc knight
  7777 | Bailey   | Reached skill level 5 in Polearms
  7811 | Bailey   | Reached skill level 15 in Polearms
  7811 | Bailey   | Reached XP level 10. HP: 74/74 MP: 19/19
  8025 | D:7      | Killed a vault sentinel
  8207 | D:7      | Killed a vault sentinel
  8208 | D:7      | Reached skill level 6 in Fighting
  8226 | D:7      | Found the +18 shield of the Gong {Loud rN+ Will+ rCorr
                  | EV-5}
  8711 | D:8      | Noticed a cyclops
  8724 | D:8      | Reached skill level 8 in Dodging
  9011 | D:8      | Reached XP level 11. HP: 83/83 MP: 6/20
  9185 | D:8      | You pick up a book of Frost and begin reading...
  9185 | D:8      | You add the spells Freeze, Frozen Ramparts and Hailstorm to
                  | your library.
  9583 | D:8      | Reached skill level 7 in Fighting
  9583 | D:8      | Reached skill level 9 in Dodging
  9634 | D:8      | Killed a cyclops
  9757 | D:8      | Learned a level 3 spell: Mephitic Cloud
  9828 | D:8      | Found an ancient bone altar of Kikubaaqudgha.
 10126 | D:9      | Reached skill level 10 in Dodging
 10128 | D:9      | Reached skill level 8 in Fighting
 10383 | D:9      | Noticed a death yak
 10385 | D:9      | Found a staircase to the Lair.
 10386 | D:9      | Noticed a death yak
 10386 | D:9      | Noticed a death yak
 10403 | D:9      | Killed a death yak
 10404 | D:9      | Reached skill level 11 in Dodging
 10419 | D:9      | Noticed a two-headed ogre
 10419 | D:9      | Noticed Joseph
 10423 | D:9      | Reached skill level 12 in Dodging
 10429 | D:9      | Killed a death yak
 10434 | D:9      | Killed a death yak
 10439 | D:9      | Killed a two-headed ogre
 10440 | D:9      | Reached skill level 13 in Dodging
 10440 | D:9      | Reached XP level 12. HP: 43/94 MP: 1/21
 10441 | D:9      | Killed Joseph
 10637 | D:9      | Found a basalt altar of Yredelemnul.
 10651 | D:9      | Reached skill level 14 in Dodging
 10861 | D:9      | Gained mutation: You are robust. (+10% HP) [potion of
                  | mutation]
 10861 | D:9      | Gained mutation: Your body sometimes deteriorates upon
                  | taking damage. [potion of mutation]
 10886 | D:10     | Entered Level 10 of the Dungeon
 11201 | D:10     | Reached skill level 9 in Fighting
 11524 | Lair:1   | Entered Level 1 of the Lair of Beasts
 11537 | Lair:1   | Reached ****** piety under Elyvilon
 11612 | Lair:1   | Noticed Fannar
 11623 | Lair:1   | Killed Fannar
 11624 | Lair:1   | Reached skill level 16 in Polearms
 11704 | Lair:1   | Reached skill level 10 in Fighting
 11895 | Lair:1   | Reached skill level 1 in Invocations
 11898 | Lair:1   | Reached skill level 2 in Invocations
 12010 | Lair:1   | Reached skill level 3 in Invocations
 12014 | Lair:1   | Reached skill level 4 in Invocations
 12024 | Lair:1   | Reached skill level 5 in Invocations
 12239 | Lair:1   | Reached skill level 6 in Invocations
 12263 | Lair:1   | Reached skill level 7 in Invocations
 12310 | Lair:1   | Noticed Gastronok
 12330 | Lair:1   | Killed Gastronok
 12331 | Lair:1   | Reached XP level 13. HP: 75/113 MP: 6/22
 12588 | Lair:1   | Reached skill level 8 in Invocations
 13190 | Lair:2   | Found a staircase to the Snake Pit.
 13863 | Lair:3   | Reached skill level 9 in Invocations
 13961 | Lair:3   | You fall into a shaft and drop 2 floors!
 13961 | Lair:5   | Entered Level 5 of the Lair of Beasts
 14041 | Lair:3   | Found a dark tunnel.
 14061 | Volcano  | Entered a volcano
 14243 | Volcano  | Reached skill level 10 in Invocations
 14262 | Volcano  | HP: 17/113 [rock wall collision (13)]
 14373 | Volcano  | Found a bloodstained altar of Trog.
 14406 | Volcano  | Reached skill level 11 in Invocations
 14505 | Volcano  | Found a burning altar of Makhleb.
 14936 | Lair:3   | Reached skill level 12 in Invocations
 14942 | Lair:3   | HP: 28/113 [harpy (11)]
 15036 | Lair:3   | Found a staircase to the Shoals.
 15040 | Lair:3   | You pick up a book of the Moon and begin reading...
 15040 | Lair:3   | You add the spells Passage of Golubria, Silence and
                  | Lehudib's Crystal Spear to your library.
 15717 | Lair:4   | Reached XP level 14. HP: 122/122 MP: 20/23
 15864 | Lair:4   | Reached skill level 11 in Fighting
 15871 | Lair:4   | Reached skill level 15 in Dodging
 16043 | Lair:4   | Found a staircase to the Slime Pits.
 16742 | Lair:5   | Reached skill level 4 in Armour
 16742 | Lair:5   | Reached XP level 15. HP: 132/132 MP: 24/24
 16812 | Lair:5   | Reached skill level 12 in Fighting
 16819 | Lair:5   | Reached skill level 16 in Dodging
 17073 | Lair:5   | Reached skill level 17 in Dodging
 17502 | Lair:5   | Reached skill level 18 in Dodging
 17670 | Lair:5   | Reached skill level 3 in Stealth
 17761 | Lair:5   | Reached skill level 4 in Stealth
 18265 | D:11     | You fall into a shaft and drop 2 floors!
 18437 | D:11     | Identified the +5 dagger of the Postmodern Hells {vamp,
                  | rPois rC+ rN+ Dex-4}
 18483 | D:11     | Found a frozen archway.
 18515 | IceCv    | Entered an ice cave
 18540 | IceCv    | Reached skill level 5 in Stealth
 18884 | IceCv    | Reached skill level 6 in Stealth
 19054 | IceCv    | Found a viscous altar of Jiyva.
 19054 | IceCv    | Noticed an azure jelly
 19160 | IceCv    | Reached skill level 7 in Stealth
 19333 | IceCv    | Killed an azure jelly
 19529 | IceCv    | Got the ring "Uklukh" {Ice SInv}
 19531 | IceCv    | V - a +2 double sword of freezing {longrare=g}
 19532 | IceCv    | Identified a +1 crystal plate armour of cold resistance
 19533 | IceCv    | W - a +1 crystal plate armour of cold resistance {rare=g}
 19537 | IceCv    | You drop a +1 crystal plate armour of cold resistance
                  | {rare=g}.
 19756 | D:11     | Reached skill level 8 in Stealth
 19825 | D:11     | Reached XP level 16. HP: 139/139 MP: 20/25
 20041 | D:11     | Reached skill level 9 in Stealth
 20586 | D:12     | Found a bloodstained altar of Trog.
 20758 | D:12     | Reached skill level 10 in Stealth
 20839 | D:12     | Reached skill level 1 in Evocations
 20862 | D:12     | Reached skill level 2 in Evocations
 20882 | D:12     | Reached skill level 3 in Evocations
 21093 | D:12     | Reached skill level 4 in Evocations
 21169 | D:12     | Found a runed translucent door.
 21170 | D:12     | Found a runed translucent door.
 21171 | D:12     | Found a runed translucent door.
 21305 | D:12     | Reached skill level 5 in Evocations
 21310 | D:12     | Was placed under penance by Elyvilon
 21510 | D:12     | Identified the staff of conjuration "Dooz" {Str+4}
 21524 | D:12     | Reached skill level 6 in Evocations
 21641 | D:12     | Identified the orb of Starshine {mayhem, *Slow rF++ Regen+}
 21643 | D:12     | Identified the +5 short sword of Immorality {flame, rElec
                  | rN+ Dex+3}
 21649 | D:12     | You pick up a book of the Dragon and begin reading...
 21649 | D:12     | You add the spells Cause Fear, Dragon Form and Dragon's
                  | Call to your library.
 21653 | D:12     | Got the Thoughts on Enchantment and the Tundra
 21881 | D:12     | You drop a +2 double sword of freezing {longrare=g}.
 21886 | D:12     | V - a +2 double sword of freezing {longrare=g}
 21925 | D:12     | Was forgiven by Elyvilon
 22025 | D:12     | Found a staircase to the Orcish Mines.
 22032 | D:12     | Paralysed by an orc warrior for 3 turns
 22311 | Orc:1    | Entered Level 1 of the Orcish Mines
 22311 | Orc:1    | Noticed Nergalle
 22316 | Orc:1    | Pacified Nergalle
 22317 | Orc:1    | Reached skill level 7 in Evocations
 22910 | Orc:2    | Entered Level 2 of the Orcish Mines
 23173 | Orc:2    | Gained mutation: You are weak. (Str -2) [a neqoxec]
 23179 | Orc:2    | Reached skill level 8 in Evocations
 23482 | Orc:2    | Paralysed by an orc sorcerer for 4 turns
 23656 | Orc:2    | Found Vieseuts's Antique Armour Shop.
 23657 | Orc:2    | Found Quwkij's Antique Weapon Boutique.
 23659 | Orc:2    | Found Weotraggar's General Store.
 23659 | Orc:2    | Found Zebocahe's Jewellery Shop.
 23675 | Orc:2    | Bought the ring "Feppeckyu" {rC+ rN+ rCorr Dex+3 Slay+3}
                  | for 742 gold pieces
 23687 | Orc:2    | Bought a glowing scarf for 256 gold pieces
 23690 | Orc:2    | Bought a pair of boots for 144 gold pieces
 23925 | Orc:2    | Found a staircase to the Elven Halls.
 24037 | D:12     | magus.rc [v1.9.6]
 24290 | D:13     | Noticed a thorn hunter
 24298 | D:13     | Pacified a thorn hunter
 24368 | D:13     | Reached skill level 13 in Fighting
 24592 | D:13     | Found the +1 robe of Vines {NoPotionHeal Regen++++}
 25371 | D:14     | You pick up a book of Decay {forbidden} and begin
                  | reading...
 25371 | D:14     | You add the spells Cigotuvi's Dreadful Rot, Dispel Undead
                  | and Death Channel to your library.
 25673 | D:12     | You drop a +2 double sword of freezing {longrare=g}.
 25702 | D:14     | Reached skill level 19 in Dodging
 25877 | D:14     | Reached XP level 17. HP: 149/150 MP: 22/26
 25944 | D:14     | Found a gate to the Vaults.
 26053 | D:14     | Noticed Jorgrun
 26070 | D:14     | Killed Jorgrun
 26169 | D:14     | Noticed Kirke
 26191 | D:14     | Killed Kirke
 26371 | D:14     | You pick up a book of Ice and begin reading...
 26371 | D:14     | You add the spells Simulacrum, Ozocubu's Refrigeration and
                  | Polar Vortex to your library.
 26521 | D:14     | Found Soden's CLEARANCE SALE!.
 26617 | D:15     | Entered Level 15 of the Dungeon
 26839 | D:15     | Found a staircase to the Depths.
 26855 | D:15     | Reached skill level 14 in Fighting
 27010 | D:15     | Reached skill level 20 in Dodging
 27227 | D:15     | Noticed Roxanne
 27243 | D:15     | Noticed Agnes
 27258 | D:15     | Killed Agnes
 27338 | D:15     | Found Seovoac's Assorted Antiques.
 27356 | D:15     | Noticed Azrael
 27367 | D:15     | Killed Azrael
 27910 | Orc:2    | Bought the +9 rapier of the Hugging Stoat {freeze, rF+
                  | Will+ Str-5 SInv} for 1113 gold pieces
 28148 | Snake:1  | Entered Level 1 of the Snake Pit
 28197 | Snake:1  | Reached skill level 1 in Short Blades
 28318 | Snake:1  | Reached skill level 2 in Short Blades
 28577 | Snake:1  | Reached skill level 3 in Short Blades
 28929 | Snake:1  | Reached skill level 4 in Short Blades
 29086 | Snake:2  | Reached skill level 5 in Short Blades
 29188 | Snake:2  | Found Bilamepp's Gadget Gallery.
 29237 | Snake:2  | Reached skill level 6 in Short Blades
 29314 | Snake:2  | You pick up a book of Winter and begin reading...
 29314 | Snake:2  | You add the spells Ozocubu's Armour and Metabolic
                  | Englaciation to your library.
 29399 | Snake:2  | Reached skill level 7 in Short Blades
 29638 | Snake:3  | Reached skill level 8 in Short Blades
 29664 | Snake:3  | Reached skill level 9 in Short Blades
 29771 | Snake:3  | Reached skill level 10 in Short Blades
 29906 | Snake:3  | Reached XP level 18. HP: 159/160 MP: 27/27
 29929 | Snake:3  | Reached skill level 11 in Short Blades
 30282 | Snake:3  | Reached skill level 12 in Short Blades
 30287 | Snake:3  | HP: 38/160 [salamander/+4 glaive (14)]
 30293 | Snake:3  | HP: 35/160 [shot self (17)]
 30515 | Snake:3  | Reached skill level 1 in Shields
 30640 | Snake:3  | Reached skill level 2 in Shields
 30856 | Snake:4  | Entered Level 4 of the Snake Pit
 30879 | Snake:4  | Noticed Bai Suzhen
 30925 | Snake:4  | Killed Bai Suzhen
 30926 | Snake:4  | Reached skill level 13 in Short Blades
 30926 | Snake:4  | Reached skill level 3 in Shields
 31346 | Snake:4  | Reached skill level 4 in Shields
 31636 | Snake:4  | Reached skill level 5 in Shields
 31645 | Snake:4  | Reached skill level 14 in Short Blades
 31865 | Snake:4  | Reached skill level 15 in Short Blades
 32171 | Snake:4  | Reached skill level 16 in Short Blades
 32455 | Snake:4  | Reached skill level 21 in Dodging
 32455 | Snake:4  | Reached XP level 19. HP: 167/167 MP: 28/28
 32490 | Snake:4  | Noticed Vashnia
 32572 | Snake:4  | Got a serpentine rune of Zot
 32744 | Shoals:1 | Entered Level 1 of the Shoals
 33609 | Shoals:1 | Identified the +1 ring mail of the Cooper {Will+ Dex+3}
 33871 | Shoals:2 | Identified the +2 robe of Supple Strength {-Tele rN++}
 33886 | Shoals:2 | Reached skill level 22 in Dodging
 34935 | Shoals:3 | Reached skill level 15 in Fighting
 34997 | Shoals:3 | HP: 41/170 [wind drake/the air (23)]
 35349 | Shoals:3 | You pick up a book of Transfigurations {@e2} and begin
                  | reading...
 35349 | Shoals:3 | You add the spells Irradiate and Blade Hands to your
                  | library.
 35480 | Shoals:3 | Could not pick up a +0 eveningstar {macerare=g} here;
                  | ([A]lways) ignore it?
 35480 | Shoals:3 | Could not pick up a +0 eveningstar {macerare=g} here;
                  | ([A]lways) ignore it?
 35745 | Shoals:3 | Reached skill level 16 in Fighting
 36299 | Shoals:4 | Entered Level 4 of the Shoals
 36390 | Shoals:4 | Reached skill level 5 in Armour
 37528 | Shoals:4 | Reached skill level 13 in Invocations
 37731 | Shoals:4 | You pick up a book of Transfigurations {@e2} and begin
                  | reading...
 37781 | Shoals:4 | Identified the staff of cold "Oluuhot" {Fly rElec rC+ Str+3
                  | Int-3}
 38068 | Shoals:4 | You pick up a book of the Wilderness and begin reading...
 38068 | Shoals:4 | You add the spells Summon Forest, Summon Mana Viper and
                  | Summon Cactus Giant to your library.
 38080 | Shoals:4 | Noticed Donald
 38089 | Shoals:4 | Killed Donald
 38186 | Shoals:4 | Reached skill level 14 in Invocations
 38191 | Shoals:4 | HP: 31/172 [merfolk impaler/+0 heavy trident (23)]
 38649 | Shoals:4 | Got a barnacled rune of Zot
 39083 | Vaults:1 | Entered Level 1 of the Vaults
 39201 | Vaults:1 | Reached XP level 20. HP: 180/180 MP: 24/30
 39420 | Vaults:1 | Reached skill level 15 in Invocations
 40031 | Vaults:1 | You pick up a book of Minor Magic and begin reading...
 40031 | Vaults:1 | You add the spells Magic Dart and Call Imp to your library.
 40051 | Vaults:1 | Found Hyboegi's Book Emporium.
 40269 | Vaults:1 | Identified the +5 leather armour "Xysienet" {-Tele rF++
                  | rN+++ Int+2}
 40296 | Vaults:1 | Reached skill level 16 in Invocations
 40473 | Vaults:1 | Reached skill level 7 in Spellcasting
 40845 | Vaults:1 | Reached skill level 8 in Spellcasting
 41296 | Vaults:1 | magus.rc [v1.9.6]
 41296 | Vaults:1 | magus.rc [v1.9.6]
 41534 | Vaults:2 | Reached skill level 9 in Evocations
 41818 | Vaults:2 | Noticed Mennas
 42246 | Vaults:2 | Reached skill level 10 in Evocations
 42786 | Vaults:2 | Noticed a Brimstone Fiend
 43195 | Vaults:3 | Reached skill level 17 in Fighting
 43501 | Vaults:3 | Reached XP level 21. HP: 105/192 MP: 23/33
 43692 | Vaults:3 | Found Piva's Book Shop.
 43773 | Vaults:3 | Found a staircase to the Crypt.
 43773 | Vaults:3 | Noticed a curse skull
 43774 | Vaults:3 | Noticed a curse skull
 43780 | Vaults:3 | Killed a curse skull
 43786 | Vaults:3 | Killed a curse skull
 44308 | Vaults:3 | Reached skill level 18 in Fighting
 44314 | Vaults:3 | Reached skill level 9 in Spellcasting
 44320 | Vaults:3 | HP: 42/194 [cloud of flame (10)]
 44639 | Vaults:3 | Reached skill level 10 in Spellcasting
 45570 | Vaults:4 | Learned a level 5 spell: Irradiate
 45633 | Vaults:4 | Reached skill level 2 in Transmutations
 45643 | Vaults:4 | Reached skill level 1 in Conjurations
 45668 | Vaults:4 | Reached skill level 3 in Transmutations
 45891 | Vaults:4 | Reached skill level 2 in Conjurations
 45901 | Vaults:4 | Reached skill level 4 in Transmutations
 46074 | Vaults:4 | Reached skill level 5 in Transmutations
 46096 | Vaults:4 | Reached skill level 3 in Conjurations
 46310 | Vaults:4 | Reached skill level 6 in Transmutations
 46351 | Vaults:4 | Reached skill level 4 in Conjurations
 46362 | Vaults:4 | HP: 38/193 [vault warden/+2 heavy long sword (24)]
 46367 | Vaults:4 | HP: 31/193 [vault guard/+0 great sword (9)]
 46374 | Vaults:4 | Reached skill level 7 in Transmutations
 47714 | Depths:1 | Entered Level 1 of the Depths
 47768 | Depths:1 | Found a sacrificial altar of Ru.
 47774 | Depths:1 | Reached skill level 8 in Transmutations
 47890 | Depths:1 | Found Berriof's Jewellery Boutique.
 47890 | Depths:1 | Found Yweoku's Book Emporium.
 47892 | Depths:1 | Found Ohiohic's Jewellery Boutique.
 47894 | Depths:1 | You pick up a book of Storms and begin reading...
 47894 | Depths:1 | You add the spells Static Discharge, Airstrike and Summon
                  | Lightning Spire to your library.
 48080 | Depths:1 | Reached skill level 5 in Conjurations
 48231 | Depths:1 | Identified a +0 robe of the Archmagi
 48270 | Depths:1 | Reached XP level 22. HP: 103/202 MP: 13/36
 48567 | Depths:1 | Reached skill level 9 in Transmutations
 48878 | Depths:1 | Found a corrupted altar of Lugonu.
 48878 | Depths:1 | Found a one-way gate to the infinite horrors of the Abyss.
 49052 | Depths:1 | Reached skill level 6 in Conjurations
 49210 | Depths:1 | Found a shadowy altar of Dithmenos.
 49300 | Depths:1 | Found a gateway to Hell.
 49488 | Depths:2 | Reached skill level 10 in Transmutations
 49603 | Depths:2 | Found a one-way gate leading to the halls of Pandemonium.
 49658 | Depths:2 | +0 storm dragon scales {rare}; a storm dragon corpse
 50187 | Depths:2 | Reached skill level 11 in Spellcasting
 50577 | Depths:2 | Gained mutation: You are partially covered in iridescent
                  | scales. (AC +2) [a cacodemon]
 50909 | Depths:2 | Found a runed translucent door.
 50912 | Depths:2 | Noticed a golden dragon
 51126 | Depths:2 | Found a runed translucent door.
 51212 | Depths:2 | Found a one-way gateway to a ziggurat.
 51212 | Depths:2 | Noticed an ancient lich
 51420 | Depths:2 | Reached skill level 12 in Spellcasting
 51787 | Depths:2 | Gained mutation: Your body often deteriorates upon taking
                  | damage. [a neqoxec]
 52084 | Depths:2 | Noticed a golden dragon
 52084 | Depths:2 | Noticed a caustic shrike
 52087 | Depths:2 | Pacified a golden dragon
 52088 | Depths:2 | Pacified a golden dragon
 52094 | Depths:2 | Pacified a caustic shrike
 52104 | Depths:2 | Killed a golden dragon
 52113 | Depths:2 | Banished a golden dragon
 52116 | Depths:2 | Killed a caustic shrike
 52121 | Depths:2 | HP: 44/202 [titan/the air (14)]
 52160 | Depths:2 | Reached skill level 17 in Invocations
 52376 | Depths:2 | magus.rc [v1.9.6]
 52451 | Depths:2 | Identified the +0 chain mail of the Three Xenops {rElec
                  | rPois rC-}
 52610 | Depths:3 | You fall into a shaft and drop 1 floor!
 52610 | Depths:4 | Entered Level 4 of the Depths
 53209 | Depths:3 | Noticed a caustic shrike
 53209 | Depths:3 | Noticed a caustic shrike
 53242 | Depths:3 | Reached skill level 18 in Invocations
 53391 | Depths:3 | Noticed a caustic shrike
 53451 | Depths:3 | Killed a caustic shrike
 53452 | Depths:3 | Pacified a caustic shrike
 53454 | Depths:3 | Killed a caustic shrike
 53539 | Depths:3 | Found a large runed translucent door.
 53539 | Depths:3 | Found a large runed translucent door.
 53541 | Depths:3 | Noticed a shard shrike
 53797 | Depths:3 | Pacified a shard shrike
 53798 | Depths:3 | Reached XP level 23. HP: 191/209 MP: 36/39
 54001 | Depths:3 | Reached skill level 19 in Invocations
 54154 | Depths:3 | Noticed a juggernaut
 54166 | Depths:3 | Killed a juggernaut
 54334 | Depths:3 | Noticed a royal mummy
 54343 | Depths:3 | Killed a royal mummy
 54343 | Depths:3 | HP: 41/209 [something (15)]
 54355 | Depths:3 | Gained mutation: You are very weak. (Str -4) [mutagenic
                  | glow]
 54364 | Depths:3 | Gained mutation: You are occasionally teleported next to
                  | monsters. [mutagenic glow]
 54447 | Depths:3 | Lost mutation: Your body often deteriorates upon taking
                  | damage. [potion of mutation]
 54447 | Depths:3 | Lost mutation: You are very weak. (Str -4) [potion of
                  | mutation]
 54447 | Depths:3 | Lost mutation: You are robust. (+10% HP) [potion of
                  | mutation]
 54447 | Depths:3 | Gained mutation: You are robust. (+10% HP) [potion of
                  | mutation]
 54448 | Depths:3 | Lost mutation: You are robust. (+10% HP) [potion of
                  | mutation]
 54448 | Depths:3 | Lost mutation: You are partially covered in iridescent
                  | scales. (AC +2) [potion of mutation]
 54448 | Depths:3 | Lost mutation: You are weak. (Str -2) [potion of mutation]
 54448 | Depths:3 | Gained mutation: Your flesh is cold resistant. (rC+)
                  | [potion of mutation]
 54448 | Depths:3 | Gained mutation: You have hidden genetic defects. [potion
                  | of mutation]
 54448 | Depths:3 | Gained mutation: Your flesh is heat resistant. (rF+)
                  | [potion of mutation]
 54449 | Depths:3 | Lost mutation: You are occasionally teleported next to
                  | monsters. [potion of mutation]
 54449 | Depths:3 | Lost mutation: Your flesh is heat resistant. (rF+) [potion
                  | of mutation]
 54449 | Depths:3 | Gained mutation: You have a pair of small antennae on your
                  | head. [potion of mutation]
 54449 | Depths:3 | Gained mutation: Your mind is acute. (Int +4, Str/Dex -1)
                  | [potion of mutation]
 54449 | Depths:3 | Gained mutation: You are strong-willed. (Will+) [potion of
                  | mutation]
 54450 | Depths:3 | Lost mutation: Your body sometimes deteriorates upon taking
                  | damage. [potion of mutation]
 54450 | Depths:3 | Lost mutation: You are strong-willed. (Will+) [potion of
                  | mutation]
 54450 | Depths:3 | Gained mutation: You are weak. (Str -2) [potion of
                  | mutation]
 54450 | Depths:3 | Gained mutation: Your flesh is very cold resistant. (rC++)
                  | [potion of mutation]
 54450 | Depths:3 | Lost mutation: You have hidden genetic defects. [potion of
                  | mutation]
 54634 | Depths:3 | +0 storm dragon scales {rare}; a storm dragon skeleton
 54678 | Depths:3 | Identified the amulet "Ebutukyh" {Acrobat rN+ Str+3 Int-4}
 54684 | Depths:3 | Reached skill level 20 in Invocations
 55526 | Orc:2    | Bought a spiked scale mail for 288 gold pieces
 55526 | Orc:2    | Identified the +1 scale mail of the Old World {Harm rPois
                  | rF++ rC-} (You bought it in a shop on level 2 of the Orcish
                  | Mines)
 56524 | Depths:3 | magus.rc [v1.9.6]
 56588 | Depths:4 | Gained mutation: You have an increased reservoir of magic.
                  | (+10% MP) [a cacodemon]
 56825 | Depths:4 | Reached skill level 23 in Dodging
 56905 | Depths:4 | Noticed a golden dragon
 56915 | Depths:4 | Pacified a golden dragon
 56919 | Depths:4 | Noticed a golden dragon
 56923 | Depths:4 | Killed a golden dragon
 56928 | Depths:4 | Killed a golden dragon
 56928 | Depths:4 | Identified +0 gold dragon scales
 56930 | Depths:4 | +0 gold dragon scales {rare}; a golden dragon corpse
 56931 | Depths:4 | Found a gate to the Realm of Zot.
 57252 | Depths:4 | magus.rc [v1.9.6]
 57252 | Depths:4 | magus.rc [v1.9.6]
 57522 | Elf:1    | Entered Level 1 of the Elven Halls
 57724 | Vaults:3 | Bought a book of Misfortune for 684 gold pieces
 57724 | Vaults:3 | You pick up a book of Misfortune and begin reading...
 57724 | Vaults:3 | You add the spells Inner Flame, Yara's Violent Unravelling
                  | and Enfeeble to your library.
 57730 | Vaults:3 | Learned a level 5 spell: Yara's Violent Unravelling
 57992 | Elf:1    | Reached skill level 1 in Hexes
 58013 | Elf:1    | Reached skill level 2 in Hexes
 58128 | Elf:1    | Reached skill level 3 in Hexes
 58164 | Elf:1    | Identified the +0 rapier of the Muttering Seeker {heavy,
                  | Int+3}
 58215 | Elf:1    | Reached skill level 4 in Hexes
 58217 | Elf:1    | You add the spells Malign Gateway and Summon Horrible
                  | Things to your library.
 58552 | Elf:1    | Found Custrik's Jewellery Emporium.
 58669 | Elf:1    | Reached skill level 5 in Hexes
 59047 | Elf:2    | Identified the +1 pair of gloves "Bithubri" {Rampage rCorr}
 59225 | Elf:1    | Found a radiant altar of Vehumet.
 59404 | Elf:2    | Reached skill level 11 in Transmutations
 59429 | Elf:2    | You pick up a book of the Warp and begin reading...
 59429 | Elf:2    | You add the spells Manifold Assault, Dispersal and
                  | Disjunction to your library.
 59552 | Elf:2    | Found Cimaz's Armour Shop.
 59706 | Elf:2    | Reached XP level 24. HP: 197/197 MP: 39/42
 59732 | Elf:2    | Found a runed translucent gate.
 59733 | Elf:2    | Found a runed translucent gate.
 59733 | Elf:2    | Found a runed translucent gate.
 59873 | Elf:3    | Entered Level 3 of the Elven Halls
 59993 | Elf:3    | Found a shimmering blue altar of Sif Muna.
 60031 | Elf:3    | Found a shimmering blue altar of Sif Muna.
 60034 | Elf:3    | Found Cudamym's Assorted Antiques.
 60052 | Elf:3    | Bought a scroll of teleportation for 72 gold pieces
 60052 | Elf:3    | Bought a potion of might for 96 gold pieces
 60067 | Elf:3    | Found Nanad's Distillery.
 60080 | Elf:3    | Identified the +1 pair of gloves of the Trombone {Slay+3
                  | SInv}
 60097 | Elf:3    | Bought a potion of resistance for 170 gold pieces
 60097 | Elf:3    | Bought a potion of resistance for 170 gold pieces
 60165 | Elf:3    | Identified the amulet "Firedwih" {Spirit Str+3}
 60289 | Elf:3    | magus.rc [v1.9.6]
 60296 | Elf:3    | Reached skill level 24 in Dodging
 60792 | Elf:3    | Identified the staff of cold "Hiogh" {rElec rF+ rC+ Int-5
                  | SInv}
 60792 | Elf:3    | Identified the +12 dire flail of Intimidation {antimagic,
                  | Str-4 Dex+6 SInv}
 60814 | Elf:3    | Identified the +10 sling "Terasmul" {heavy, rN+}
 60814 | Elf:3    | Identified the amulet of Qaettew {Reflect rC++ Str+4 SH+5}
 60816 | Elf:3    | Identified the staff of cold "Voti Meugavu" {rC+ Stlth+}
 60826 | Elf:3    | Identified the +10 hand axe of Change {heavy, rC+ Dex+3}
 60836 | Elf:3    | Identified the ring "Lijam" {rF+ rC+ Will+}
 60848 | Elf:3    | Reached skill level 25 in Dodging
 61000 | Elf:3    | You pick up a book of Dreams and begin reading...
 61000 | Elf:3    | You add the spells Ensorcelled Hibernation, Spider Form and
                  | Anguish to your library.
 61002 | Elf:3    | You pick up a book of Hexes and begin reading...
 61011 | Elf:3    | You add the spells Slow and Dazzling Flash to your library.
 61011 | Elf:3    | Got the Reference Book on Guile
 61018 | Elf:3    | You add the spells Portal Projectile and Fireball to your
                  | library.
 61018 | Elf:3    | Got the Quarto of the Unlucky Pyromaniac
 61061 | Elf:3    | You pick up a book of Sloth and begin reading...
 61061 | Elf:3    | You add the spells Petrify and Statue Form to your library.
 61159 | Elf:2    | Bought +2 pearl dragon scales for 1084 gold pieces
 61162 | Elf:2    | x - +2 pearl dragon scales {rare=g}
 61173 | Elf:2    | You finish putting on your +2 pearl dragon scales {rare=g}.
 61178 | Elf:2    | You finish taking off your +2 pearl dragon scales {rare=g}.
 61427 | Vaults:5 | Entered Level 5 of the Vaults
 61487 | Vaults:5 | Reached skill level 11 in Stealth
 61523 | Vaults:5 | Reached skill level 12 in Stealth
 61559 | Vaults:5 | Found Jonim's Armour Emporium.
 61594 | Vaults:5 | Reached skill level 13 in Stealth
 61651 | Vaults:5 | Reached skill level 14 in Stealth
 61748 | Vaults:5 | Reached skill level 15 in Stealth
 61757 | Vaults:5 | You pick up a book of Burglary and begin reading...
 61757 | Vaults:5 | You add the spells Passwall and Swiftness to your library.
 61898 | Vaults:5 | Identified +0 gold dragon scales
 62001 | Vaults:5 | Reached skill level 16 in Stealth
 62051 | Vaults:5 | quicksilver dragon scales {rare}; a quicksilver dragon
                  | corpse
 62054 | Vaults:5 | quicksilver dragon scales {rare}; a quicksilver dragon
                  | corpse
 62054 | Vaults:5 | C - quicksilver dragon scales {rare}
 62111 | Vaults:5 | Reached skill level 17 in Stealth
 62167 | Vaults:5 | You add the spells Ice Form and Monstrous Menagerie to your
                  | library.
 62167 | Vaults:5 | Got Zubruj's Collected Works on Icy Adjuration {@e2}
 62183 | Vaults:5 | You add the spells Gell's Gravitas and Teleport Other to
                  | your library.
 62250 | Vaults:5 | You add the spells Blink and Lesser Beckoning to your
                  | library.
 62250 | Vaults:5 | Got Udui's Spellbook of Orientation
 62251 | Vaults:5 | Identified the +7 war axe "Jawuic" {freeze, rElec rN+
                  | Stlth-}
 62251 | Vaults:5 | Identified the ring "Bokata" {Wiz rN+}
 62449 | Vaults:5 | Reached skill level 18 in Stealth
 62485 | Vaults:5 | +0 storm dragon scales {rare}; a storm dragon corpse
 62544 | Vaults:5 | Identified the ring of Ciget {*Corrode Drain Str+2 Dex+8
                  | SInv}
 62590 | Vaults:5 | Reached skill level 19 in Stealth
 62797 | Vaults:5 | Reached XP level 25. HP: 182/204 MP: 34/42
 62912 | Vaults:5 | You pick up a book of Scorching and begin reading...
 62912 | Vaults:5 | You add the spells Scorch and Flame Wave to your library.
 62941 | Vaults:5 | Got a silver rune of Zot
 62980 | Vaults:5 | You finish putting on your quicksilver dragon scales
                  | {rare}.
 63087 | Vaults:5 | Reached skill level 20 in Stealth
 63514 | Temple   | Entered the Ecumenical Temple
 63582 | Temple   | Fell from the grace of Elyvilon
 63582 | Temple   | Became a worshipper of the Shining One
 63582 | Temple   | Reached * piety under the Shining One
 63911 | Crypt:1  | Entered Level 1 of the Crypt
 63951 | Crypt:1  | Reached ** piety under the Shining One
 64009 | Crypt:1  | You finish taking off your quicksilver dragon scales
                  | {rare}.
 64058 | Crypt:1  | Reached *** piety under the Shining One
 64083 | Crypt:1  | Noticed Boris
 64110 | Crypt:1  | Killed Boris
 64303 | Crypt:1  | Identified the staff of air "Ujegyp" {Fly rElec Str+5 Int+2
                  | Stlth+}
 64312 | Crypt:1  | You pick up a book of the Warp and begin reading...
 64499 | Crypt:1  | Reached **** piety under the Shining One
 64533 | Crypt:1  | Reached skill level 26 in Dodging
 64619 | Crypt:1  | Noticed Sojobo
 64643 | Crypt:1  | Killed Sojobo
 64656 | Crypt:1  | Reached ***** piety under the Shining One
 64689 | Crypt:1  | Noticed a curse skull
 64727 | Crypt:1  | Killed a curse skull
 65064 | Crypt:2  | Found a magical portal.
 65073 | WizLab   | Entered Yara's Duelist Academy
 65171 | WizLab   | Identified a +0 crystal plate armour
 65253 | WizLab   | Reached skill level 27 in Dodging
 65254 | WizLab   | a +0 antimagic demon trident {forbiddenpolearm}; a +0
                  | crystal plate armour {rare=g}
 65274 | WizLab   | Noticed Mueqig
 65277 | WizLab   | a +0 antimagic demon trident {forbiddenpolearm}; a +0
                  | crystal plate armour {rare=g}
 65283 | WizLab   | HP: 49/204 [Mueqig the Head Instructor/+1 antimagic triple
                  | sword (18)]
 65284 | WizLab   | Killed Mueqig the Head Instructor
 65442 | WizLab   | You finish putting on your quicksilver dragon scales
                  | {rare}.
 65482 | WizLab   | Could not pick up a +1 antimagic triple sword {longrare=g},
                  | a +1 antimagic triple sword {longrare=g} and a +0 crystal
                  | plate armour {rare=g} here; ([A]lways) ignore them?
 65482 | WizLab   | Could not pick up a +1 antimagic triple sword {longrare=g},
                  | a +1 antimagic triple sword {longrare=g} and a +0 crystal
                  | plate armour {rare=g} here; ([A]lways) ignore them?
 65524 | WizLab   | Identified a +0 crystal plate armour
 65542 | WizLab   | a +0 antimagic great sword {long}; a +0 crystal plate
                  | armour {rare=g}
 65554 | WizLab   | You pick up a book of Weapons and begin reading...
 65656 | WizLab   | a +0 antimagic great sword {long}; a +0 crystal plate
                  | armour {rare=g}
 65656 | WizLab   | a +0 antimagic great sword {long}; a +0 crystal plate
                  | armour {rare=g}
 65656 | WizLab   | Could not pick up a +0 crystal plate armour {rare=g} here;
                  | ([A]lways) ignore it?
 65656 | WizLab   | Could not pick up a +0 crystal plate armour {rare=g} here;
                  | ([A]lways) ignore it?
 65656 | WizLab   | Could not pick up a +0 crystal plate armour {rare=g} here;
                  | ([A]lways) ignore it?
 65675 | WizLab   | You add the spells Fulminant Prism and Leda's Liquefaction
                  | to your library.
 65675 | WizLab   | Got Yara's Enchiridion on the Jinx
 65684 | WizLab   | You pick up a book of Weapons and begin reading...
 65770 | WizLab   | You pick up a book of the Moon and begin reading...
 66192 | Crypt:2  | Noticed a curse skull
 66215 | Crypt:2  | HP: 47/205 [vampire[a curse skull] (7)]
 67001 | Crypt:2  | Reached skill level 19 in Fighting
 67194 | Crypt:2  | Killed a curse skull
 67413 | Crypt:2  | Reached ****** piety under the Shining One
 67584 | Crypt:3  | Entered Level 3 of the Crypt
 67591 | Crypt:3  | Reached skill level 20 in Fighting
 67609 | Crypt:3  | Reached XP level 26. HP: 206/218 MP: 41/42
 67634 | Crypt:3  | Noticed a curse skull
 67643 | Crypt:3  | Killed a curse skull
 67754 | Crypt:3  | Noticed a curse skull
 67828 | Crypt:3  | Killed a curse skull
 68324 | Crypt:3  | Identified a +4 eudemon blade of holy wrath {forbiddenlong}
                  | (a +2 heavy demon blade {forbiddenlong} blessed by the
                  | Shining One)
 68324 | Crypt:3  | Received a gift from the Shining One
 68390 | Crypt:3  | Reached skill level 1 in Long Blades
 68464 | Crypt:3  | Reached skill level 2 in Long Blades
 68885 | Crypt:3  | Reached skill level 3 in Long Blades
 68908 | Crypt:3  | Reached skill level 4 in Long Blades
 69059 | Crypt:3  | Reached skill level 5 in Long Blades
 69077 | Crypt:3  | Reached skill level 6 in Long Blades
 69197 | Crypt:3  | You add the spells Borgnjor's Revivification, Necromutation
                  | and Death's Door to your library.
 69232 | Crypt:3  | Identified the ring "Riad" {*Slow rElec rF+++ rCorr Int+3}
 69278 | Crypt:3  | HP: 45/220 [torment (22)]
 69613 | Crypt:3  | Noticed a royal mummy
 69627 | Crypt:3  | Killed a royal mummy
 69628 | Crypt:3  | Reached skill level 7 in Long Blades
 69738 | Crypt:3  | You pick up a book of Fire and begin reading...
 69738 | Crypt:3  | You add the spells Foxfire, Plasma Beam and Starburst to
                  | your library.
 69739 | Crypt:3  | Identified the +4 battleaxe of Feife {heavy, Str+5}
 69753 | Crypt:3  | Identified the ring of Soti {rPois rF+++ MP+9 Int-2}
 69758 | Crypt:3  | Identified the +1 demon trident of Wisdom {pain, rPois
                  | Str-5 Int+5 Stlth+}
 69759 | Crypt:3  | Identified the +5 rapier of Utsael {antimagic, rF+ rC+
                  | rCorr}
 69760 | Crypt:3  | Identified the staff of poison "Minleato" {rElec rPois
                  | Str+2 Int+3 Dex-3}
 69995 | Crypt:3  | Reached skill level 8 in Long Blades
 70110 | Crypt:3  | Found a staircase to the Tomb.
 70150 | Crypt:3  | You pick up a book of Dreams and begin reading...
 70704 | Vaults:2 | Killed Mennas
 71121 | Zot:1    | Entered Level 1 of the Realm of Zot
 71337 | D:14     | Bought a scroll of enchant weapon for 22 gold pieces
 71670 | Zot:1    | Noticed an electric golem
 71712 | Zot:1    | Killed an electric golem
 72190 | Zot:1    | Reached skill level 21 in Fighting
 72204 | Zot:1    | +0 shadow dragon scales {rare}; a shadow dragon corpse
 73624 | Zot:3    | Reached skill level 22 in Fighting
 73874 | Zot:3    | Noticed an electric golem
 73961 | Zot:4    | Identified +0 gold dragon scales
 73963 | Zot:4    | +0 gold dragon scales {rare}; a golden dragon corpse
 74110 | Zot:5    | Entered Level 5 of the Realm of Zot
 74575 | Zot:5    | Reached skill level 23 in Fighting
 74742 | Zot:5    | You pick up a book of Weapons and begin reading...
 75004 | Zot:5    | magus.rc [v1.9.6]
 75036 | Zot:5    | Noticed a dread lich
 75055 | Zot:5    | Killed a dread lich
 75074 | Zot:5    | Reached XP level 27. HP: 179/235 MP: 31/42
 75199 | Zot:5    | Identified the +0 tower shield of the Elven Halls {-Tele
                  | rElec Int+3}
 75447 | Zot:5    | Noticed an orb of fire
 75448 | Zot:5    | Gained mutation: Your body sometimes deteriorates upon
                  | taking damage. [an orb of fire]
 75471 | Zot:5    | Killed an orb of fire
 75472 | Zot:5    | Reached skill level 21 in Invocations
 75504 | Zot:5    | Noticed an orb of fire
 75523 | Zot:5    | Killed an orb of fire
 75908 | Zot:5    | Noticed a dread lich
 75921 | Zot:5    | Killed a dread lich
 75992 | Zot:5    | Reached skill level 22 in Invocations
 76426 | Zot:5    | your +2 pearl dragon scales {rare=g} glow green for a
                  | moment.
 76427 | Zot:5    | your +3 pearl dragon scales {rare=g} glow green for a
                  | moment.
 76428 | Zot:5    | your +4 pearl dragon scales {rare=g} glow green for a
                  | moment.
 76429 | Zot:5    | your +5 pearl dragon scales {rare=g} glow green for a
                  | moment.
 76430 | Zot:5    | your +6 pearl dragon scales {rare=g} glow green for a
                  | moment.
 76431 | Zot:5    | your +7 pearl dragon scales {rare=g} glow green for a
                  | moment.
 76432 | Zot:5    | your +8 pearl dragon scales {rare=g} glow green for a
                  | moment.
 76433 | Zot:5    | your +9 pearl dragon scales {rare=g} glow green for a
                  | moment.
 76439 | Zot:5    | You finish taking off your quicksilver dragon scales
                  | {rare}.
 76444 | Zot:5    | You finish putting on your +10 pearl dragon scales
                  | {rare=g}.
 76543 | Zot:5    | +0 storm dragon scales {rare}; a storm dragon corpse
 76582 | Zot:5    | Got the Orb of Zot
 76593 | Zot:5    | Noticed a seraph
 76613 | Zot:5    | Noticed an orb of fire
 76618 | Zot:5    | Gained mutation: Your body often deteriorates upon taking
                  | damage. [an orb of fire]
 76669 | Zot:3    | +0 storm dragon scales {rare}; a storm dragon skeleton
 76686 | Zot:3    | Noticed Sorikiej the pandemonium lord
 76999 | D:14     | Noticed Ufyhuva the pandemonium lord
 77001 | D:14     | Noticed Epuwaobb the pandemonium lord
 77003 | D:14     | Killed Epuwaobb the pandemonium lord
 77054 | D:13     | Noticed Xogysal the pandemonium lord
 77110 | D:11     | Noticed Kienil the pandemonium lord
 77119 | D:11     | Killed Kienil the pandemonium lord
 77151 | D:10     | Noticed Jaif the pandemonium lord
 77161 | D:10     | Killed Jaif the pandemonium lord
 77368 | D:$      | Escaped with the Orb!

Vanquished Creatures
  2 dread liches (Zot:5)
  2 orbs of fire (Zot:5)
  A juggernaut (Depths:3)
  Sojobo (Crypt:1)
  Bai Suzhen (Snake:4)
  A royal mummy (Depths:3)
  2 Killer Klowns (Zot:5)
  Head Instructor (WizLab)
  5 golden dragons
  2 caustic shrikes (Depths:3)
  A bone dragon (Crypt:1)
  An electric golem (Zot:1)
  Jorgrun (D:14)
  2 walking crystal tomes
  11 tentacled monstrosities
  5 liches
  6 quicksilver dragons
  20 Orb Guardians
  A deep elf blademaster (Elf:3)
  2 deep elf master archers
  4 titans
  Gastronok (Lair:1)
  5 death cobs
  6 sphinxes
  An Executioner (D:8)
  A kraken (Shoals:3)
  3 ancient champions
  Donald (Shoals:4)
  Agnes (D:15)
  2 pandemonium lords
  A rockslime (Depths:3)
  4 azure jellies
  Kirke (D:14)
  9 nagarajas
  7 shadow dragons
  10 tengu reavers
  7 storm dragons
  4 fire giants
  An iron dragon (Depths:3)
  2 revenants (Crypt:2)
  3 draconian knights
  8 deep elf sorcerers
  5 frost giants
  6 curse skulls
  9 vault wardens
  2 draconian scorchers
  A ghost moth (Zot:5)
  15 ghouls
  2 orc warlords
  A draconian annihilator (Zot:1)
  A draconian shifter (Zot:5)
  6 ironbound thunderhulks
  5 deep elf elementalists
  3 cacodemons
  4 reapers
  A draconian stormcaller (Zot:1)
  29 very ugly things
  19 ironbound preservers
  4 quicksilver oozes
  7 black draconians
  9 vampire knights
  A war gargoyle (Vaults:4)
  10 stone giants
  8 green draconians
  6 deep elf demonologists
  3 yellow draconians
  4 deep elf annihilators
  5 dire elephants (Vaults:4)
  Azrael (D:15)
  4 spark wasps
  8 white draconians
  A spark wasp (shapeshifter) (Depths:2)
  8 purple draconians
  A lorocyproca (D:10)
  5 red draconians
  A mummy priest (Crypt:3)
  4 merfolk javelineers
  6 ettins
  8 deep elf death magi
  6 merfolk impalers
  4 eidola
  3 entropy weavers
  4 blizzard demons
  7 deep elf high priests
  A crystal guardian (Vaults:4)
  An entropy weaver (shapeshifter) (D:12)
  11 fire dragons
  7 jiangshi
  A salamander tyrant (Snake:4)
  A spriggan zombie (Crypt:2)
  7 ice dragons
  11 great orbs of eyes
  Fannar (Lair:1)
  10 yaktaur captains
  31 vault guards
  2 quicksilver dragon skeletons (Crypt:1)
  A peacekeeper (Vaults:4)
  An ogre mage (Vaults:5)
  2 death knights
  3 merfolk avatars
  12 anacondas
  11 centaur warriors
  7 ironbound frosthearts
  A fenstrider witch skeleton (Crypt:2)
  2 alligator snapping turtles (Shoals:2)
  16 dancing weapons
  4 merfolk aquamancers
  5 spriggan air magi
  6 deep troll earth magi
  3 deep troll shamans
  11 tengu warriors
  An Orb Guardian skeleton (Crypt:1)
  2 satyrs
  7 boulder beetles
  4 two-headed ogres
  4 spriggan berserkers
  12 naga warriors
  3 death scarabs (Depths:3)
  9 hell knights
  3 orc high priests
  3 death yaks (D:9)
  6 shock serpents
  5 vampire magi
  3 titan skeletons
  3 sun demons
  3 iron trolls
  5 skysharks
  A fire crab (shapeshifter) (Depths:1)
  8 deep elf knights
  3 soul eaters
  A cherub (D:6)
  3 sixfirhies (Depths:2)
  9 salamander mystics
  20 skeletal warriors
  4 goliath frogs (Shoals:3)
  39 deep trolls
  5 flayed ghosts
  28 sea snakes
  An anaconda zombie (Crypt:3)
  11 lindwurms
  An orb spider (shapeshifter) (Vaults:3)
  A shadow demon (D:11)
  A bunyip zombie (Crypt:3)
  9 wizards
  3 naga ritualists
  3 glowing orange brains
  19 ironbound convokers
  5 necromancers
  6 orc knights
  9 deep elf archers
  6 harpies
  6 bog bodies
  26 deep elf pyromancers
  15 phantasmal warriors
  10 mana vipers
  A faun (shapeshifter) (D:15)
  15 deep elf zephyrmancers
  A stone giant zombie (Crypt:3)
  42 ugly things
  5 orc sorcerers (Orc:2)
  A sphinx skeleton (Vaults:4)
  10 fauns
  A human zombie (Vaults:4)
  An oklob plant (Lair:2)
  12 manticores
  45 salamanders
  10 moths of wrath
  5 cyclopes
  An elephant (shapeshifter) (Vaults:5)
  6 merfolk sirens
  A guardian serpent (Snake:4)
  14 elephants
  A rust devil (Depths:4)
  A gargoyle (D:12)
  A guardian serpent (shapeshifter) (Vaults:5)
  10 naga magi
  A torpor snail (Lair:5)
  27 black mambas
  2 ice statues (IceCv)
  Joseph (D:9)
  17 vault sentinels
  A torpor snail (shapeshifter) (Vaults:5)
  A titan simulacrum (Crypt:3)
  6 water nymphs
  A smoke demon (Depths:2)
  3 unseen horror zombies (D:9)
  2 hellions
  2 orange demons
  2 unseen horrors
  An alligator snapping turtle zombie (Crypt:3)
  12 cane toads
  A dire elephant skeleton (Crypt:2)
  A red draconian zombie (Crypt:1)
  3 komodo dragons
  6 freezing wraiths
  27 yaktaurs
  2 kobold demonologists
  9 tengu conjurers
  A grey draconian zombie (Crypt:1)
  A black draconian skeleton (Crypt:2)
  A tormentor (D:11)
  10 trolls
  A mana viper zombie (Crypt:2)
  19 guardian mummies (Crypt:3)
  A purple draconian skeleton (Crypt:2)
  A yaktaur skeleton (Vaults:4)
  An iron troll skeleton (Crypt:3)
  5 polar bears
  3 meliai (D:14)
  A meliai (shapeshifter) (D:13)
  A burning bush (Lair:5)
  A large abomination (D:12)
  A queen bee (shapeshifter) (D:12)
  6 wind drakes
  A tarantella (shapeshifter) (Vaults:5)
  31 merfolk
  A raiju (shapeshifter) (D:13)
  14 blink frogs
  A hornet (D:9)
  7 dream sheep (Lair:5)
  14 snapping turtles
  6 fire dragon skeletons (Crypt:1)
  14 flying skulls (Crypt:1)
  50 slime creatures
  A jumping spider (shapeshifter) (D:12)
  15 water elementals
  A culicivora (shapeshifter) (Elf:1)
  2 ynoxinuls
  2 shadows
  9 wyverns
  8 wraiths
  70 yaks
  4 fire elementals
  A yak (shapeshifter) (D:12)
  A basilisk (shapeshifter) (Depths:2)
  An unseen horror simulacrum (D:8)
  6 ushabtiu (Crypt:3)
  10 humans (D:14)
  A wind drake zombie (Crypt:1)
  A small abomination (D:12)
  A basilisk (D:14)
  7 hogs (D:14)
  5 fire bats (Volcano)
  A chaos spawn (Depths:4)
  3 neqoxecs
  A redback simulacrum (D:14)
  3 wargs
  6 vampire mosquitoes
  4 steam dragons
  2 redbacks (Vaults:1)
  27 nagas
  A redback (shapeshifter) (Vaults:5)
  An acid dragon (D:11)
  3 hell hounds (D:15)
  12 water moccasins
  A water moccasin (shapeshifter) (Vaults:5)
  37 orc warriors
  5 ice beasts
  A hornet zombie (Crypt:1)
  7 ogres
  2 black bears
  11 boggarts
  A blink frog zombie (Crypt:1)
  An ogre (shapeshifter) (Depths:3)
  14 centaurs
  A phantom (D:6)
  An elephant skeleton (Crypt:2)
  12 wolves
  4 slime creature simulacra (IceCv)
  9 bullfrogs
  13 kobold brigands
  4 gnoll sergeants
  A necrophage (Crypt:1)
  2 earth elementals
  2 glowing shapeshifter simulacra (IceCv)
  11 wights
  3 killer bees (D:11)
  6 howler monkeys
  9 lava snakes
  6 centaur zombies
  3 jellies
  6 hounds
  29 orc priests
  A gnoll bouda (D:8)
  An iguana (D:6)
  28 orc wizards
  3 shapeshifter simulacra (IceCv)
  A killer bee zombie (D:9)
  A sky beast zombie (Crypt:2)
  3 centaur simulacra
  4 mummies (Crypt:3)
  2 howler monkey zombies
  21 gnolls
  8 adders
  A howler monkey skeleton (Crypt:2)
  A swamp drake zombie (Crypt:1)
  A river rat (D:5)
  A swamp drake skeleton (Crypt:3)
  3 shadow imps
  14 white imps
  3 ufetubi
  3 worms
  A dart slug (D:5)
  110 orcs
  9 endoplasms
  16 giant cockroaches
  9 goblins
  7 hobgoblins
  5 jackals
  12 quokkas
  22 ball pythons
  7 bats
  11 frilled lizards
  41 kobolds
  11 kobold skeletons (D:8)
  7 kobold zombies (D:8)
  9 rats
  A fire vortex (D:11)
2177 creatures vanquished.

Vanquished Creatures (collateral kills)
  Mennas (Vaults:2)
  A royal mummy (Crypt:3)
  A tentacled monstrosity (Zot:1)
  2 Orb Guardians (Zot:5)
  A quicksilver dragon (Zot:5)
  A shadow dragon (Zot:1)
  4 storm dragons
  A revenant (Crypt:3)
  2 draconian scorchers
  A juggernaut zombie (Crypt:2)
  A draconian annihilator (Zot:1)
  2 black draconians (Zot:1)
  A yellow draconian (Zot:5)
  A white draconian (Zot:5)
  A mummy priest (Crypt:3)
  A vault guard (Vaults:4)
  2 ogre magi (WizLab)
  A spriggan skeleton (Crypt:2)
  A naga warrior (Snake:4)
  A death knight (Crypt:2)
  A vampire mage (WizLab)
  A salamander mystic (WizLab)
  A sea snake (Snake:4)
  A wizard (WizLab)
  2 phantasmal warriors (Crypt:2)
  An ironbound convoker (Vaults:5)
  6 bog bodies (Crypt:3)
  A necromancer (WizLab)
  2 mana vipers (WizLab)
  A guardian serpent (Snake:4)
  A vault sentinel (Vaults:5)
  13 guardian mummies (Crypt:3)
  A tengu conjurer (WizLab)
  A harpy skeleton (Crypt:2)
  An ushabti (Crypt:3)
  A wraith (Crypt:2)
  A naga (Snake:4)
  A glowing shapeshifter skeleton (Crypt:2)
  2 mummies (Crypt:3)
66 creatures vanquished.

Vanquished Creatures (others)
  A pandemonium lord (D:14)
  Boris (Crypt:1)
  A caustic shrike (Depths:2)
  3 golden dragons
  2 titans (Vaults:5)
  A deep elf master archer (Elf:3)
  2 tengu reavers
  A storm dragon (Vaults:5)
  A nagaraja (Snake:4)
  3 fire giants
  A deep elf sorcerer (Elf:3)
  2 stone giants
  A war gargoyle (Vaults:5)
  A very ugly thing (Vaults:5)
  A deep elf demonologist (Elf:3)
  3 dire elephants
  A yaktaur captain (Vaults:5)
  A merfolk javelineer (Shoals:4)
  A deep elf high priest (Elf:3)
  A fire dragon (Depths:4)
  A great orb of eyes (Vaults:1)
  2 spriggan air magi (Depths:2)
  4 vault guards
  A hydra (D:13)
  An anaconda (Snake:4)
  An ironbound frostheart (Vaults:1)
  2 naga warriors (Snake:3)
  2 orc high priests (Orc:2)
  2 shock serpents (Snake:4)
  A shadow wraith (Vaults:5)
  3 sea snakes (Snake:4)
  A flayed ghost (Depths:2)
  A shadow demon (D:14)
  A deep elf archer (Elf:3)
  A naga ritualist (Snake:4)
  A necromancer (Vaults:4)
  A phantasmal warrior (Vaults:5)
  2 deep elf pyromancers
  An ugly thing (Vaults:4)
  A guardian serpent (Snake:4)
  A moth of wrath (Zot:5)
  A naga mage (Snake:4)
  A salamander (Snake:3)
  An orange demon (D:14)
  A cane toad (Lair:3)
  A tengu conjurer (Depths:1)
  A troll (Vaults:5)
  A polar bear (D:12)
  A steam dragon (Lair:5)
  A redback (Vaults:1)
  4 nagas
  An orc warrior (Vaults:5)
  A polar bear zombie (Crypt:1)
  A jelly (Lair:4)
  An orc priest (Orc:1)
  An orc wizard (D:11)
  6 bushes (Lair:5)
  38 fungi
  91 plants
213 creatures vanquished.

Grand Total: 2456 creatures vanquished

Table legend:
 A = Non-vault XP
 B = Vault XP
 C = Vault XP percentage of total XP
 D = Non-vault monster count
 E = Vault monster count
 F = Vault count percentage of total count
                 A         B        C        D         E       F
            +---------+---------+-------+---------+---------+-------
      Total |  570184 |  623934 |  52.3 |    1222 |    1026 |  45.6
            +---------+---------+-------+---------+---------+-------
        D:1 |      37 |       8 |  17.8 |      26 |       6 |  18.8
        D:2 |      54 |       0 |   0.0 |      23 |       0 |   0.0
        D:3 |      76 |       0 |   0.0 |      21 |       0 |   0.0
        D:4 |     171 |       0 |   0.0 |      15 |       0 |   0.0
        D:5 |     203 |      18 |   8.1 |      10 |       4 |  28.6
        D:6 |     949 |       0 |   0.0 |      15 |       0 |   0.0
        D:7 |    1644 |     859 |  34.3 |      23 |       6 |  20.7
        D:8 |     372 |    2785 |  88.2 |      12 |      63 |  84.0
        D:9 |    4092 |    5461 |  57.2 |      28 |      19 |  40.4
       D:10 |    2026 |       0 |   0.0 |      19 |       0 |   0.0
       D:11 |    3070 |    4722 |  60.6 |      21 |      24 |  53.3
       D:12 |    3143 |   14279 |  82.0 |      17 |      51 |  75.0
       D:13 |    4728 |       0 |   0.0 |      19 |       0 |   0.0
       D:14 |    5939 |    7137 |  54.6 |      14 |      20 |  58.8
       D:15 |    7003 |    9242 |  56.9 |      13 |      19 |  59.4
     Lair:1 |    8433 |    2474 |  22.7 |      30 |       2 |   6.2
     Lair:2 |     846 |    1190 |  58.4 |       3 |       5 |  62.5
     Lair:3 |    7404 |    2001 |  21.3 |      37 |       3 |   7.5
     Lair:4 |    3653 |     686 |  15.8 |      12 |       4 |  25.0
     Lair:5 |   12219 |    4442 |  26.7 |      45 |      13 |  22.4
   Shoals:1 |   10193 |       0 |   0.0 |      22 |       0 |   0.0
   Shoals:2 |   14659 |       0 |   0.0 |      27 |       0 |   0.0
   Shoals:3 |   14653 |    3514 |  19.3 |      30 |       6 |  16.7
   Shoals:4 |   10139 |   19186 |  65.4 |      22 |      34 |  60.7
    Snake:1 |    5344 |       0 |   0.0 |      10 |       0 |   0.0
    Snake:2 |    9057 |       0 |   0.0 |      18 |       0 |   0.0
    Snake:3 |   28972 |    9605 |  24.9 |      55 |      18 |  24.7
    Snake:4 |   22444 |   24826 |  52.5 |      44 |      29 |  39.7
      Orc:1 |     945 |     159 |  14.4 |      24 |       7 |  22.6
      Orc:2 |    3103 |    8444 |  73.1 |      35 |      69 |  66.3
      Elf:1 |   10407 |   11033 |  51.5 |      23 |      16 |  41.0
      Elf:2 |   15820 |    4947 |  23.8 |      27 |       6 |  18.2
      Elf:3 |   10493 |   24459 |  70.0 |      16 |      25 |  61.0
   Vaults:1 |   10692 |   33001 |  75.5 |      22 |      44 |  66.7
   Vaults:2 |   21852 |   15136 |  40.9 |      47 |      15 |  24.2
   Vaults:3 |   15734 |   43251 |  73.3 |      26 |      50 |  65.8
   Vaults:4 |   14369 |   27079 |  65.3 |      20 |      31 |  60.8
   Vaults:5 |   18166 |   76540 |  80.8 |      31 |      77 |  71.3
    Crypt:1 |   34961 |   26126 |  42.8 |      60 |      28 |  31.8
    Crypt:2 |   33279 |       0 |   0.0 |      47 |       0 |   0.0
    Crypt:3 |   30572 |   24626 |  44.6 |      39 |      57 |  59.4
   Depths:1 |   23018 |    4701 |  17.0 |      31 |       6 |  16.2
   Depths:2 |   24247 |   29955 |  55.3 |      28 |      36 |  56.2
   Depths:3 |   19314 |   44357 |  69.7 |      19 |      37 |  66.1
   Depths:4 |   19724 |   13045 |  39.8 |      22 |      16 |  42.1
      Zot:1 |   24178 |   16697 |  40.8 |      22 |      12 |  35.3
      Zot:2 |    9618 |       0 |   0.0 |       8 |       0 |   0.0
      Zot:3 |    6745 |       0 |   0.0 |       5 |       0 |   0.0
      Zot:4 |    5516 |       0 |   0.0 |       3 |       0 |   0.0
      Zot:5 |   35440 |   66774 |  65.3 |      34 |      30 |  46.9
      Sewer |       0 |     214 | 100.0 |       0 |      43 | 100.0
     Bailey |       0 |     800 | 100.0 |       0 |      22 | 100.0
      IceCv |     468 |    8302 |  94.7 |       2 |      24 |  92.3
    Volcano |       0 |    5378 | 100.0 |       0 |      18 | 100.0
     WizLab |       0 |   26475 | 100.0 |       0 |      31 | 100.0
            +---------+---------+-------+---------+---------+-------

Illustrated notes

Table legend:
 A = Kills in this place as a percentage of kills in the entire game.
 B = Kills by you in this place as a percentage of kills by you in the entire game.
 C = Kills by friends in this place as a percentage of kills by friends in the entire game.
 D = Other kills in this place as a percentage of other kills in the entire game.
 E = Experience gained in this place as a percentage of experience gained in the entire game.
 F = Experience gained in this place divided by the number of levels of this place that you have seen.
                   A       B       C       D       E      F
               +-------+-------+-------+-------+-------+----------------------
         Total | 100.0 | 100.0 | 100.0 | 100.0 | 100.0 | 21560.4
       Dungeon |  22.2 |  23.0 |   0.0 |  19.1 |   7.6 | 6085.4
          Lair |   6.8 |   6.5 |   0.0 |  31.9 |   3.6 | 8669.6
        Shoals |   6.2 |   6.6 |   0.0 |   0.0 |   6.0 | 18086.0
     Snake Pit |   7.7 |   7.9 |   3.1 |   4.3 |   8.3 | 25062.0
  Orcish Mines |   6.0 |   6.2 |   0.0 |   2.1 |   1.0 | 6325.5
   Elven Halls |   5.0 |   5.1 |   0.0 |   6.4 |   6.4 | 25719.7
        Vaults |  16.0 |  16.2 |   6.2 |  21.3 |  22.8 | 55164.0
         Crypt |  10.2 |   9.1 |  51.6 |   4.3 |  12.4 | 49854.7
        Depths |   8.6 |   8.8 |   1.6 |   8.5 |  14.8 | 44590.2
           Zot |   5.0 |   4.6 |  23.4 |   2.1 |  13.7 | 32993.6
         Sewer |   1.9 |   2.0 |   0.0 |   0.0 |   0.0 | 214.0
        Bailey |   1.0 |   1.0 |   0.0 |   0.0 |   0.1 | 800.0
      Ice Cave |   1.1 |   1.2 |   0.0 |   0.0 |   0.7 | 8770.0
       Volcano |   0.8 |   0.8 |   0.0 |   0.0 |   0.4 | 5378.0
        Wizlab |   1.4 |   1.0 |  14.1 |   0.0 |   2.2 | 26475.0
               +-------+-------+-------+-------+-------+----------------------

Table legend: (Time is in decaauts)
 A = Elapsed time spent in this place.
 B = Non-inter-level travel time spent in this place.
 C = Inter-level travel time spent in this place.
 D = Time resting spent in this place.
 E = Time spent auto-exploring this place.
 F = Levels seen in this place.
 G = Mean time per level.
                   A        B        C        D        E       F      G
               +--------+--------+--------+--------+--------+-----+--------+
         Total |  72993 |  66137 |   6856 |  12815 |  36855 |  56 | 1303.4 |
       Dungeon |  19107 |  15910 |   3197 |   1637 |  11002 |  15 | 1273.8 |
        Temple |     78 |     68 |     10 |      0 |     47 |   1 |   78.0 |
          Lair |   6223 |   5809 |    414 |    616 |   4120 |   5 | 1244.6 |
        Shoals |   5095 |   4961 |    134 |    927 |   2999 |   4 | 1273.8 |
     Snake Pit |   4210 |   4010 |    200 |    791 |   1866 |   4 | 1052.5 |
  Orcish Mines |   1970 |   1538 |    432 |    104 |    920 |   2 |  985.0 |
   Elven Halls |   3188 |   3010 |    178 |     94 |   1980 |   3 | 1062.7 |
        Vaults |  10442 |   9422 |   1020 |   1827 |   5089 |   5 | 2088.4 |
         Crypt |   5197 |   4946 |    251 |   1505 |   2188 |   3 | 1732.3 |
        Depths |   8927 |   8099 |    828 |   2246 |   4045 |   4 | 2231.8 |
           Zot |   5001 |   4814 |    187 |   2121 |   1278 |   5 | 1000.2 |
         Sewer |    640 |    640 |      0 |     56 |    409 |   1 |  640.0 |
        Bailey |    492 |    492 |      0 |     86 |    281 |   1 |  492.0 |
      Ice Cave |   1060 |   1060 |      0 |    408 |    157 |   1 | 1060.0 |
       Volcano |    446 |    446 |      0 |     97 |    132 |   1 |  446.0 |
        Wizlab |    909 |    909 |      0 |    296 |    339 |   1 |  909.0 |
               +--------+--------+--------+--------+--------+-----+--------+

Top non-repeatable levels by time:
Vaults:3: 2824 daAuts
Depths:3: 2729 daAuts
Depths:2: 2582 daAuts
Depths:1: 2440 daAuts
   Zot:5: 2376 daAuts
    D:12: 2344 daAuts
Vaults:1: 2142 daAuts
 Crypt:3: 2081 daAuts
Vaults:2: 2080 daAuts
   Zot:1: 1991 daAuts
Shoals:4: 1920 daAuts
Vaults:4: 1879 daAuts
    D:15: 1713 daAuts
     D:7: 1678 daAuts
  Lair:1: 1669 daAuts
